Workbook
Name _MS1: [1]COVER!#REF!
Name _MS2: [1]COVER!#REF!
Name _MS3: [1]COVER!#REF!
Name _MS4: [1]COVER!#REF!
Name _MS5: [1]COVER!#REF!
Name _SCH1: [1]COVER!#REF!
Name _SCH10: [1]COVER!#REF!
Name _SCH15: [1]COVER!#REF!
Name _SCH2: [1]COVER!#REF!
Name _SCH3: [1]COVER!#REF!
Name _SCH4: [1]COVER!#REF!
Name _SCH5: [1]COVER!#REF!
Name _SCH6: [1]COVER!#REF!
Name _SCH7: [1]COVER!#REF!
Name _SCH8: [1]COVER!#REF!
Name _SCH9: [1]COVER!#REF!
Name _SEC1: [1]COVER!#REF!
Name _SEC2: [1]COVER!#REF!
Name Asset: [2]SORTED!$A$6:$B$34
Name DATA: #REF!
Name ECNI: #REF!
Name EEI: #REF!
Name EFLTD: #REF!
Name FINOP: [1]COVER!#REF!
Name FINOP49: [1]COVER!#REF!
Name FINOPDEC2003: [1]COVER!#REF!
Name form49: [1]COVER!#REF!
Name INSBROK: #REF!
Name JAN: #REF!
Name JULY: #REF!
Name Liab: [2]SORTED!$A$41:$B$85
Name Liab1: [3]SORTED!$A$41:$B$85
Name Loan: Others!$F$92:$F$101
Name MarketableSecurities: [1]COVER!#REF!
Name MARKSEC2: [1]COVER!#REF!
Name marksec3: [1]COVER!#REF!
Name ms: [1]COVER!#REF!
Name NetBookValue: Others!$E$92:$E$101
Name OP: [1]COVER!#REF!
Name PAGE1: #REF!
Name PAGE2: #REF!
Name PRF: Data!$B$19:$C$21
Name SAVINGS: #REF!
Name SCCP: [1]COVER!#REF!
Name SCHEDULE: [1]COVER!#REF!
Name SEC: [1]COVER!#REF!
Name SECFINOP: [1]COVER!#REF!
Name SECFINOP49: [1]COVER!#REF!
Name SECFORM: [1]COVER!#REF!
Name SECFORM24FINOP: [1]COVER!#REF!
Name SECFORM49FINOP: [1]COVER!#REF!
Name SECFORM49FINOPB: [1]COVER!#REF!
Name SECFORM49FINOPC: [1]COVER!#REF!
Name SECFORM49FINOPD: [1]COVER!#REF!
Name SLHaircut: Data!$B$7:$D$11
Name SUBSIDIARY: #REF!
Name TOTAL: #REF!

Sheet Navigation
B2: NAVIGATION PAGE | G2: ( You don't need to print this page. )
B6: RISK-BASED CAPITAL | F6: Cash in Bank | J6: OPERATIONAL RISK REQUIREMENT (ORR)
B10: Trial Balance | F10: Placement | J10: POSITION RISK REQUIREMENT (PRR)
B14: Financial Statements | F14: Marketable Securities - 25% | J14: COUNTERPARTY RISK REQUIREMENT (CRR)
B18: Subordinated Loan | F18: Marketable Securities - Others (35%, etc.)
K19: Reserve Formula
B22: Core Equity | F22: RBC Reconciliation | J22: Reserve formula-detailed
F26: Receivables | J26: OTHERS - Supporting Schedules
C27: Unimpaired Paid-Up Capital
C33: LARGE EXPOSURE RISK REQUIREMENT (LERR)
B35: LERR1 - CLIENT | F35: LERR2 - DEBT | J35: LERR3 - ISSUER
C36: LERR - Client | G36: Debt
C39: General Instructions:
C40: 1. Only cells highlighted in yellow are for encoding.
C41: 2. All worksheets are protected. Do not alter worksheet names nor add rows or columns.
C42: You may, however, add worksheets and link cells to the existing worksheets of the template.
C43: Additional cells in the existing worksheets of the template where indicated may also be used.
C44: 3. Please do not add or alter any of the trial balance accounts.

Sheet RBC
A1: =+'trial balance'!A1 -> NAME OF THE TRADING PARTICIPANT
A2: RISK-BASED CAPITAL ADEQUACY WORKSHEET
A3: =+'trial balance'!A3 -> mm/dd/yyyy
A5: Assets | C5: =+'Financial Statements'!J13 -> 0
A6: Liabilities | C6: =+'Financial Statements'!J74-'trial balance'!C118 -> 0
A7: Equity as per books | C7: =+C5-C6 -> 0
A9: Adjustments to Equity per books
A10: Add (Deduct):
A11: Allowance for market decline | C11: ='trial balance'!C17 -> 0
A12: Subordinated Liabilities | C12: =SL!Q25 -> 0
A13: Unrealized Gain / ( Loss ) in proprietary accounts | C13: =-'MS-25%'!$H$8 -> 0
A14: Deferred Income Tax | C14: =-'Financial Statements'!I70 -> 0
A15: =" Deposit for Future Stock Subscription (No application with SEC)" -> Deposit for Future Stock Subscription (No application with SEC) | C15: =-Others!F26 -> 0
A16: Minority Interest | C16: =-Others!B69 -> 0
A17: Total Adjustments to Equity per books | C17: =SUM(C11:C16) -> 0
A19: Equity Eligible For Net Liquid Capital | C19: =+C7+C17 -> 0
A21: Contingencies and Guarantees
A22: Deduct: Contingent Liability | C22: =Others!E77 -> 0
A23: Guarantees or indemnities | C23: =Others!E85 -> 0
A25: Ineligible Assets
A26: a. Trading Right and all Other Intangible Assets (net) | C26: =+'Financial Statements'!J66 -> 0
A27: b. Intercompany Receivables | C27: =+'Financial Statements'!J48 -> 0
A28: c. Fixed Assets, net of accumulated and excluding those used as collateral | C28: =+'Financial Statements'!J52-C60 -> 0
A29: d. Prepayment from Client for Early Settlement of Account | C29: =+'Financial Statements'!I45 -> 0
A30: e. All Other Current Assets | C30: =+'Financial Statements'!I35+'Financial Statements'!J39+'Financial Statements'!J43-'Financial Statements'!I45+Placement!C46 -> 0
A31: f. Securities Not Readily Marketable | C31: =+'Financial Statements'!J49-'MS-Others'!F175 -> 0
A32: g. Negative Exposure (SCCP) | C32: =Others!C13 -> 0
A33: h. Notes Receivable (non-trade related) | C33: =+'Financial Statements'!I32 -> 0
A34: i. Interest and Dividends Receivables outstanding for more than 30 days | C34: =Others!D34 -> 0
A35: j. Ineligible Insurance claims | C35: =Others!E42 -> 0
A36: k. Ineligible Deposits | C36: =Others!D52 -> 0
A37: l. Short Security Differences | C37: =Others!D58 -> 0
A38: m. Long Security Differences not resolved prior to sale | C38: =Others!D64 -> 0
A39: n. Other Assets including Equity Investment in PSE | C39: =+'Financial Statements'!J50+'Financial Statements'!J69-'Financial Statements'!I70+'Financial Statements'!J47-Placement!C76 -> 0
A40: Total ineligible assets | C40: =SUM(C26:C39) -> 0
A42: Net Liquid Capital (NLC) | C42: =(+C19-C22-C23-C40) -> 0
A43: Less:
A44: Operational Risk Reqt (Schedule ORR-1) | C44: =+ORR!E24 -> 0
A45: Position Risk Reqt (Schedule PRR-1) | C45: =+PRR!F23 -> 0
A46: Counterparty Risk (Schedule CRR-1 and detailed schedules) | C46: =CRR!I17 -> 0
A47: Large Exposure Risk (Schedule LERR-1, LERR-2, LERR-3)
A48: LERR to a single client (LERR-1) | C48: ='LERR-CLIENT'!E27 -> 0
A49: LERR to a single debt (LERR-2) | C49: ='LERR-DEBT'!F24 -> 0
A50: LERR to a single issuer and group of companies (LERR-3) | C50: ='LERR-ISSUER'!L22 -> 0
A52: Total Risk Capital Requirement ( TRCR ) | C52: =SUM(C44:C51) -> 0
A54: Net RBCA Margin (NLC-TRCR) | C54: =+C42-C52 -> 0
A55: Liabilities | C55: =C6 -> 0
A56: Add: Deposit for Future Stock Subscription (No application with SEC) | C56: =+Others!F26 -> 0
A57: Less: Exclusions from Aggregate Indebtedness
A58: Subordinated Liabilites | C58: =+C12 -> 0
A59: Loans secured by securities | C59: =Others!G136 -> 0
A60: Loans secured by fixed assets | C60: =Others!G102 -> 0
A61: Others | C61: =+Others!G148 -> 0
A62: Total adjustments to AI | C62: =C56-SUM(C58:C61) -> 0
A63: Aggregate Indebtedness | C63: =+C55+C62 -> 0
A64: 5% of Aggregate Indebtedness | C64: =+C63*0.05 -> 0
A65: Required Net Liquid Capital (> of 5% of AI or P5M) | C65: =IF(C64>5000000,C64,5000000) -> 5000000
A66: Net Risk-based Capital Excess / ( Deficiency ) | C66: =C42-C65 -> -5000000
A67: Ratio of AI to Net Liquid Capital | C67: =+C63/C42 -> #DIV/0!
A68: RBCA Ratio (NLC / TRCR) | C68: =+C42/C52 -> #DIV/0!
A69: =TODAY() -> 45547
A71: Compliance Requirements:
A72: RBCA Ratio (NLC / TRCR) | C72: =IF(TYPE(C68)=16,"ERROR",IF(C68>=1.2,"normal",IF(AND(C68<1.2,C68>=1.1),"Report within 24 Hours: RBCA Ratio is below the 120% Requirement",IF(C68<1.1,"TP to cease business and notify SEC and CMIC: RBCA Ratio is below the 110% Requirement",IF(C68<0,"Report within 24 Hours: Negative RBCA ratio"))))) -> ERROR
A73: AI to NLC ratio | C73: =IF(TYPE(C67)=16,"ERROR",IF(AND(C67<=17,C67>0),"normal",IF(C67>17,"Report within 24 Hours: Aggregate Indebtedness exceeds 1700% of Net Liquid Capital",IF(C67<0,"Report within 24 Hours: Negative AI to NLC ratio")))) -> ERROR
A74: Minimum NLC | C74: =IF(C42>=C65,"normal",IF(AND(C42<C65,C42>0),"TP to cease business and notify SEC and CMIC: NLC is below the Minimum Requirement",IF(C42<0,"Report within 24 Hours: Insolvent",IF(C42=0,"NO VALUE")))) -> NO VALUE

Sheet Others
B3: Loans | D3: Fixed Assets Used as Collateral | F3: Long Security Differences not resolved prior to sale
B4: Contingencies | D4: Ineligible Deposits | F4: Minority Interest
B5: Deposit for Future Stock Subscription | D5: Ineligible Insurance claims | F5: Negative Exposure to SCCP
B6: Dividends Declared | D6: Indemnities | F6: Retained Earnings
B7: Exclusions to Aggregate Indebtedness | D7: Interest and Dividends Receivables (>30 days) | F7: Short Security Differences
B10: Negative Exposure to SCCP
B12: Cut-off Date | C12: =RBC!A3 -> mm/dd/yyyy
B13: Amount:
B16: Deposit for Future Stock Subscription
A19: A | B19: Date of Application (if filed) | C19: Name of Investor | E19: Months Outstanding | F19: Amount
A20: 1
A21: 2
A22: B | B22: Subtotal | F22: =SUM(F20:F21) -> 0
B23: No Application Filed Yet
A24: 1
A25: 2
B26: Subtotal | F26: =SUM(F24:F25) -> 0
B27: Total | F27: =F22+F26 -> 0
B28: =IF('trial balance'!C134<>F27,"Warning: Does not tie up with Deposit for Future Subscription per trial balance. Pls check.","")
B30: Interest and Dividends Receivables outstanding for more than 30 days
B32: Interest Receivable
B33: Dividends Receivable
D34: =SUM(D32:D33) -> 0
B36: Ineligible Insurance claims
B38: Nature of Claim | E38: Amount
B42: Total | E42: =SUM(E39:E41) -> 0
B46: Ineligible Deposits
B48: Description | D48: Amount
B52: Total | D52: =SUM(D49:D51) -> 0
B55: Short Security Differences
B57: Days Unresolved | D57: Amount
B61: Long Security Differences not resolved prior to sale
B63: Days Unresolved | D63: Amount
B67: Minority Interest
B71: Contingencies
B73: Description | E73: Amount | F73: Opinion/Estimate provided by
B77: Total | E77: =SUM(E74:E76) -> 0
B79: Guarantees / Indemnities
B81: Description | E81: Amount | F81: Opinion/Estimate provided by
B85: Total | E85: =SUM(E82:E84) -> 0
B88: Fixed Assets Used as Collateral
B90: Description | C90: Acquisition Cost | D90: Accumulated Depreciation | E90: Net Book Value | F90: ="Loan Amount as of " -> Loan Amount as of | G90: Allowable for RBC | H90: Loan Reference
F91: =RBC!$A$3 -> mm/dd/yyyy
A92: 1 | E92: =C92-D92 -> 0 | G92: =IF(NetBookValue>Loan,Loan,NetBookValue) -> 0
A93: 2 | E93: =C93-D93 -> 0 | G93: =IF(NetBookValue>Loan,Loan,NetBookValue) -> 0
A94: 3 | E94: =C94-D94 -> 0 | G94: =IF(NetBookValue>Loan,Loan,NetBookValue) -> 0
A95: 4 | E95: =C95-D95 -> 0 | G95: =IF(NetBookValue>Loan,Loan,NetBookValue) -> 0
A96: 5 | E96: =C96-D96 -> 0 | G96: =IF(NetBookValue>Loan,Loan,NetBookValue) -> 0
A97: 6 | E97: =C97-D97 -> 0 | G97: =IF(NetBookValue>Loan,Loan,NetBookValue) -> 0
A98: 7 | E98: =C98-D98 -> 0 | G98: =IF(NetBookValue>Loan,Loan,NetBookValue) -> 0
A99: 8 | E99: =C99-D99 -> 0 | G99: =IF(NetBookValue>Loan,Loan,NetBookValue) -> 0
A100: 9 | E100: =C100-D100 -> 0 | G100: =IF(NetBookValue>Loan,Loan,NetBookValue) -> 0
A101: 10 | E101: =C101-D101 -> 0 | G101: =IF(NetBookValue>Loan,Loan,NetBookValue) -> 0
B102: Total | C102: =SUM(C92:C101) -> 0 | D102: =SUM(D92:D101) -> 0 | E102: =SUM(NetBookValue) -> 0 | F102: =SUM(Loan) -> 0 | G102: =SUM(G92:G101) -> 0
B105: Loans
B106: =IF(G120<>'trial balance'!C107,"Warning: TOTAL below does not tie up with trial balance figure. Pls check.","")
B107: Lender | C107: Reference | D107: Effective Date | E107: Maturity Date | F107: Original Loan Amount | G107: ="Balance as of " -> Balance as of | H107: Collateral
G108: =RBC!$A$3 -> mm/dd/yyyy
A109: 1
A110: 2
A111: 3
A112: 4
A113: 5
A114: 6
A115: 7
A116: 8
A117: 9
A118: 10
A119: 11 | B119: Loans Secured by Securities (Details below) | D119: Various | E119: Various | F119: =F136 -> 0 | G119: =G136 -> 0
B120: Total | F120: =SUM(F109:F119) -> 0 | G120: =SUM(G109:G119) -> 0
B122: Loans Secured by Securities
B124: Lender | C124: Reference | D124: Effective Date | E124: Maturity Date | F124: Original Loan Amount | G124: ="Balance as of " -> Balance as of | H124: MV of Securities (Collateral)
G125: =RBC!$A$3 -> mm/dd/yyyy
A126: 1
A127: 2
A128: 3
A129: 4
A130: 5
A131: 6
A132: 7
A133: 8
A134: 9
A135: 10
B136: Total | F136: =SUM(F126:F135) -> 0 | G136: =SUM(G126:G135) -> 0 | H136: =SUM(H126:H135) -> 0
B139: Other Exclusions to Aggregate Indebtedness
B141: Description | G141: Amount
A142: 1 | B142: Deferred Tax Liabilities | G142: ='trial balance'!C119 -> 0
A143: 2 | B143: Liabilities subordinated to claims of creditors not subject to a satisfactory subordinated agreement
A144: 3 | B144: Credit balances in accounts of general partners
A145: 4 | B145: Liabilities against securities failed to receive
A146: 5 | B146: 80% of liability against securities loaned with receivable of the same class, issue and quantity
A147: 6 | B147: Others (Please specify.)
B148: Total | G148: =SUM(G142:G147) -> 0
B151: Retained Earnings
A153: 1 | B153: Appropriated-Reserve Fund | D153: 0
A154: 2 | B154: Appropriated-Others | D154: 0
A155: 3 | B155: Unappropriated | D155: =+'Financial Statements'!J163-Others!D153-Others!D154 -> 0
B156: Total | D156: =SUM(D153:D155) -> 0
B159: Dividends Declared
A161: 1 | B161: Cash Dividends | D161: 2500
...

Sheet UPC
B1: =+'trial balance'!A1 -> NAME OF THE TRADING PARTICIPANT
B2: SCHEDULE UPC-1
B3: UNIMPAIRED PAID-UP CAPITAL
B4: =+'trial balance'!A3 -> mm/dd/yyyy
A8: Date of Broker/Dealer License: | D8: insert mm/dd/yyyy date format
A10: Minimum UPC Requirement: | B10: =IF(B8>=DATEVALUE("01/01/2001"),100000000,IF(AND(B8<DATEVALUE("01/01/2001"),B8>0),30000000,IF(B8=0,0))) -> 0
B15: Capital Account | D15: Account Balance
A17: =1&"." -> 1. | B17: Capital contributions of partners or par value or stated value of Common Stock | D17: =+'trial balance'!C126 -> 0
A18: =A17+1&"." -> 2. | B18: Payment made on Subscribed Common Stock | D18: =+'trial balance'!C128 -> 0
A19: =A18+1&"." -> 3. | B19: Par or Stated Value of Preferred Stock | D19: =+'trial balance'!C127 -> 0
A20: =A19+1&"." -> 4. | B20: Payment made on Subscribed Preferred Stock | D20: =+'trial balance'!C129 -> 0
A21: =A20+1&"." -> 5. | B21: Common Stock to be Distributed (arising from a Stock Dividend Declaration)
A22: =A21+1&"." -> 6. | B22: Additional Paid in Capital for both Common and Preferred Stocks | D22: =+'trial balance'!C132 -> 0
A23: =A22+1&"." -> 7. | B23: Donated Capital | D23: =+'trial balance'!C133 -> 0
A24: =A23+1&"." -> 8. | B24: Treasury Stock (negative entry) | D24: =IF((+'trial balance'!C144-'trial balance'!B144)>0,('trial balance'!C144-'trial balance'!B144)*-1,'trial balance'!C144-'trial balance'!B144) -> 0
A25: =A24+1&"." -> 9. | B25: Deficit (negative entry) | D25: =IF('Financial Statements'!J163<0,'Financial Statements'!J163,0) -> 0
A28: ` | B28: Unimpaired Paid-Up Capital | D28: =SUM(D17:D25) -> 0
B32: =IF(AND(D28>=B10,B10>0),"COMPLIANT",IF(AND(D28<B10,B10>0,D28>0),"NON-COMPLIANT: Report immediately to SEC & CMIC",IF(D28=0,"No UPC Computed",IF(B10=0,"Please encode a date on cell #B8")))) -> No UPC Computed
A35: Surety Bond Requirement? | B35: =IF(AND(B10=30000000,D28<100000000),"YES",IF(OR(B10=100000000,D28>=100000000),"NO"," "))
A37: If YES, please fill up the details:
A39: Date of Purchase/Renewal:
A40: Amount:
A41: Period Covered:
A42: Bond Ref #:

Sheet Data
B1: WARNING!!!
B2: This worksheet contains references to formulae in the workbook.
B3: Alteration is strictly prohibited. Otherwise, the results may be adversely affected.
B6: SL Haircut | F6: SL - Checking Remaining Term
B7: 1 | C7: > 3 Yr - 4 Yr | D7: 1 | F7: 0 | G7: < 1 year
B8: 2 | C8: > 2 Yr - 3 Yr | D8: 0.75 | F8: 1 | G8: > 1 Yr - 2 Yr
B9: 3 | C9: > 1 Yr - 2 Yr | D9: 0.5 | F9: 2 | G9: > 2 Yr - 3 Yr
B10: 4 | C10: < 1 year | D10: 0 | F10: 3 | G10: > 3 Yr - 4 Yr
B11: 5 | F11: 4
B13: Type of SL | F13: Unrealized gain/(loss) for RBC
B14: 1 | C14: SL
B15: 2 | C15: SDN | F15: Unrealized loss for RBC | H15: =IF('MS-25%'!H8>0,'MS-25%'!H8,0) -> 0
B16: 3 | F16: Allowance per TB | H16: ='trial balance'!C17 -> 0
B18: Position Risk Factors
B19: 1 | C19: 0.35
B20: 2 | C20: 0.25
B21: 3
B23: Reserve Formula
B28: Items for Checking
B30: Trial balance | D30: ='trial balance'!A4
B31: Marketable Securities | D31: ='trial balance'!D16
B32: Assets = Liabilities + Capital | D32: ='Financial Statements'!J9 -> 0

Sheet trial balance
A1: NAME OF THE TRADING PARTICIPANT
A2: TRIAL BALANCE
A3: mm/dd/yyyy
A4: =IF($B$205<>$C$205,"Warning: Total Debits does not tie up with Total credits. Pls check.","")
B6: Debit | C6: Credit
A8: Cash on Hand
A9: Petty Cash Fund
A10: Cash in Bank | B10: ='Cash in Bank'!E26 -> 0
A11: Reserve Bank Account | B11: ='Cash in Bank'!E54 -> 0
A13: Short Term Placement | B13: =Placement!C25 -> 0
A15: Trading Account Securities
A16: Oddlot and Error Transactions | D16: =IF(AND((SUM(B15:B16)-'MS-25%'!F8)<1,(SUM(B15:B16)-'MS-25%'!F8)>-1),"","Total Marketable Securities per TB does not tie up with supporting schedule.")
A17: Allowance for Market Decline
A19: Receivable From Customers | B19: =Receivables!C11 -> 0
A20: Allowance for Doubtful Accounts
A21: Receivable from Other Brokers
A22: Receivable From Clearing House
A23: Receivable for Securities Failed to Deliver
A24: Receivable for Securities Borrowed
A25: Notes Receivable
A26: Dividends Receivable
A27: Interest Receivable
A28: Other Receivables
A30: Secured Demand Notes
A32: Advances to Officers and Employees
A33: Advances to Suppliers
... A40: Other Current Assets
A42: IBODI - Current Portion | B42: =Placement!C36+Placement!C46+Placement!C66 -> 0
A43: IBODI - Long Term Portion | B43: =Placement!C56+Placement!C76 -> 0
A45: Due from Affiliates/Subsidiaries/Associated Partnerships
A47: Investments in Securities with No Ready Market
A49: Other Long Term Investments
A51: Equity Investment in PSE
A52: Trading Rights
A53: Accumulated Amortization - Trading Right
A54: Other Intangible Assets (Net of amortization)
A56: Land
A57: Land Improvements
A58: Building/Condominium Unit
A59: Accumulated Depreciation - Bldg/Condominium Unit
A60: Leasehold Rights and Improvements
... A83: Payable for Securities Loans
A84: Bank Overdrafts | C84: ='Cash in Bank'!E41 -> 0
A85: Unclaimed Dividends/Dividends Payable
A86: Due to Affiliates, Officers and Employees
A87: Due to BIR - GRT/Final Tax/Others
A88: W/T - Compensation
A89: W/T - Expanded
A90: W/T - Final
A91: W/T - Others
A92: Income Tax Payable
A93: Other Taxes Payable
A94: SSS Loan Payable
A95: Pag-Ibig Loan Payable
A96: SSS Premium Payable
... A106: Transaction Fee Payable
A107: Loans Payable | C107: =Others!G120 -> 0 | D107: =IF(SUM(C107)<>Others!G120,"Total Loans Payable per TB does not tie up with supporting schedule.","")
A108: Accrued Expenses
A109: Notes Payable
A110: Interest Payable
A111: Securities Differences
A112: Mortgage Payable
A113: Refundable Deposits
A114: Securities Sold Not Yet Repurchased
A115: Accrued Management Bonus
A116: Unearned Income
A117: Rental Deposit Payable
A118: Deferred Tax Liability (Unrealized Gain from Equity Inv. in PSE)
A119: Deferred Tax Liability (Others)
A120: Other Liabilities
A122: Subordinated Liability | C122: =SL!K25 -> 0
A124: Authorized Capital Stock - Common
A125: Authorized Capital Stock - Preferred
A126: Issued and Outstanding Common Stock
A127: Issued and Outstanding Preferred Stock
A128: Subscribed Common Stock
A129: Subscribed Preferred Stock
A130: Subscription Receivable - Common Stock
A131: Subscription Receivable - Preferred Stock
A132: Additional Paid-In Capital
A133: Donated Capital
A134: Deposit for Future Subscription
A135: Retained Earnings, beg.
... A202: Other Expenses
A205: TOTAL | B205: =SUM(B8:B203) -> 0 | C205: =SUM(C8:C203)-SUM($C$124:$C$125) -> 0
C207: =+B205-C205 -> 0

Sheet SL
B1: =RBC!A1 -> NAME OF THE TRADING PARTICIPANT
B2: SUMMARY OF SUBORDINATED LOAN
B3: =RBC!A3 -> mm/dd/yyyy
B5: =IF('trial balance'!C122<>SL!K25,"Warning!!! Does not tie up with SL per trial balance. Pls check.","")
B6: SSA | C6: Effective Date | D6: Maturity Date | E6: Term | G6: Name of Lender | H6: Relationship of | I6: Orig. SL Number | J6: Orig. Loan Date | K6: Amount of Loan | L6: Interest Rate | N6: Market | O6: MV of | P6: Excess/(Shortage)
B7: Number | F7: Remaining | H7: the Lender to | M7: Type of SL* | N7: Value of | O7: Collateral | P7: of MV of Collateral | Q7: Allowable | T7: GUIDE | U7: WARNING!!!
F8: Term* | H8: the Broker | M8: (SDN or SL) | N8: Collateral* | O8: ( Net of | P8: over SL* | Q8: for RBC | T8: Remaining | U8: Don't delete these cells!!!
O9: Haircut ) | T9: Term | U9: Term | V9: Type of SL
A10: 1 | E10: =(D10-C10)/365 -> 0 | P10: =IF(V10=2,(O10-K10),0) -> 0 | Q10: =IF(K10<=0,0,IF(V10=1,(VLOOKUP($U10,SLHaircut,3,FALSE)*K10),IF(V10=2,(VLOOKUP($U10,SLHaircut,3,FALSE)*O10),0))) -> 0 | R10: =IF(AND(K10>0,V10=3),"Indicate Type of Loan",IF(O10>N10,"Recheck Market Value.",IF(AND(K10>0,U10=5),"Recheck remaining term."," "))) | T10: =IF(((SL!$D10-'trial balance'!$A$3)/365)<=0,0,(SL!$D10-'trial balance'!$A$3)/365) -> #VALUE! | U10: 5 | V10: 2 | W10: =VLOOKUP(T10,Data!$F$7:$G$11,2,TRUE) -> #VALUE!
A11: 2 | E11: =(D11-C11)/365 -> 0 | P11: =IF(V11=2,(O11-K11),0) -> 0 | Q11: =IF(K11<=0,0,IF(V11=1,(VLOOKUP($U11,SLHaircut,3,FALSE)*K11),IF(V11=2,(VLOOKUP($U11,SLHaircut,3,FALSE)*O11),0))) -> 0 | R11: =IF(AND(K11>0,V11=3),"Indicate Type of Loan",IF(O11>N11,"Recheck Market Value.",IF(AND(K11>0,U11=5),"Recheck remaining term."," "))) | T11: =IF(((SL!$D11-'trial balance'!$A$3)/365)<=0,0,(SL!$D11-'trial balance'!$A$3)/365) -> #VALUE! | U11: 5 | V11: 1 | W11: =VLOOKUP(T11,Data!$F$7:$G$11,2,TRUE) -> #VALUE!
A12: 3 | E12: =(D12-C12)/365 -> 0 | P12: =IF(V12=2,(O12-K12),0) -> 0 | Q12: =IF(K12<=0,0,IF(V12=1,(VLOOKUP($U12,SLHaircut,3,FALSE)*K12),IF(V12=2,(VLOOKUP($U12,SLHaircut,3,FALSE)*O12),0))) -> 0 | R12: =IF(AND(K12>0,V12=3),"Indicate Type of Loan",IF(O12>N12,"Recheck Market Value.",IF(AND(K12>0,U12=5),"Recheck remaining term."," "))) | T12: =IF(((SL!$D12-'trial balance'!$A$3)/365)<=0,0,(SL!$D12-'trial balance'!$A$3)/365) -> #VALUE! | U12: 5 | V12: 1 | W12: =VLOOKUP(T12,Data!$F$7:$G$11,2,TRUE) -> #VALUE!
A13: 4 | E13: =(D13-C13)/365 -> 0 | P13: =IF(V13=2,(O13-K13),0) -> 0 | Q13: =IF(K13<=0,0,IF(V13=1,(VLOOKUP($U13,SLHaircut,3,FALSE)*K13),IF(V13=2,(VLOOKUP($U13,SLHaircut,3,FALSE)*O13),0))) -> 0 | R13: =IF(AND(K13>0,V13=3),"Indicate Type of Loan",IF(O13>N13,"Recheck Market Value.",IF(AND(K13>0,U13=5),"Recheck remaining term."," "))) | T13: =IF(((SL!$D13-'trial balance'!$A$3)/365)<=0,0,(SL!$D13-'trial balance'!$A$3)/365) -> #VALUE! | U13: 5 | V13: 1 | W13: =VLOOKUP(T13,Data!$F$7:$G$11,2,TRUE) -> #VALUE!
A14: 5 | E14: =(D14-C14)/365 -> 0 | P14: =IF(V14=2,(O14-K14),0) -> 0 | Q14: =IF(K14<=0,0,IF(V14=1,(VLOOKUP($U14,SLHaircut,3,FALSE)*K14),IF(V14=2,(VLOOKUP($U14,SLHaircut,3,FALSE)*O14),0))) -> 0 | R14: =IF(AND(K14>0,V14=3),"Indicate Type of Loan",IF(O14>N14,"Recheck Market Value.",IF(AND(K14>0,U14=5),"Recheck remaining term."," "))) | T14: =IF(((SL!$D14-'trial balance'!$A$3)/365)<=0,0,(SL!$D14-'trial balance'!$A$3)/365) -> #VALUE! | U14: 5 | V14: 1 | W14: =VLOOKUP(T14,Data!$F$7:$G$11,2,TRUE) -> #VALUE!
A15: 6 | E15: =(D15-C15)/365 -> 0 | P15: =IF(V15=2,(O15-K15),0) -> 0 | Q15: =IF(K15<=0,0,IF(V15=1,(VLOOKUP($U15,SLHaircut,3,FALSE)*K15),IF(V15=2,(VLOOKUP($U15,SLHaircut,3,FALSE)*O15),0))) -> 0 | R15: =IF(AND(K15>0,V15=3),"Indicate Type of Loan",IF(O15>N15,"Recheck Market Value.",IF(AND(K15>0,U15=5),"Recheck remaining term."," "))) | T15: =IF(((SL!$D15-'trial balance'!$A$3)/365)<=0,0,(SL!$D15-'trial balance'!$A$3)/365) -> #VALUE! | U15: 5 | V15: 1 | W15: =VLOOKUP(T15,Data!$F$7:$G$11,2,TRUE) -> #VALUE!
A16: 7 | E16: =(D16-C16)/365 -> 0 | P16: =IF(V16=2,(O16-K16),0) -> 0 | Q16: =IF(K16<=0,0,IF(V16=1,(VLOOKUP($U16,SLHaircut,3,FALSE)*K16),IF(V16=2,(VLOOKUP($U16,SLHaircut,3,FALSE)*O16),0))) -> 0 | R16: =IF(AND(K16>0,V16=3),"Indicate Type of Loan",IF(O16>N16,"Recheck Market Value.",IF(AND(K16>0,U16=5),"Recheck remaining term."," "))) | T16: =IF(((SL!$D16-'trial balance'!$A$3)/365)<=0,0,(SL!$D16-'trial balance'!$A$3)/365) -> #VALUE! | U16: 5 | V16: 1 | W16: =VLOOKUP(T16,Data!$F$7:$G$11,2,TRUE) -> #VALUE!
A17: 8 | E17: =(D17-C17)/365 -> 0 | P17: =IF(V17=2,(O17-K17),0) -> 0 | Q17: =IF(K17<=0,0,IF(V17=1,(VLOOKUP($U17,SLHaircut,3,FALSE)*K17),IF(V17=2,(VLOOKUP($U17,SLHaircut,3,FALSE)*O17),0))) -> 0 | R17: =IF(AND(K17>0,V17=3),"Indicate Type of Loan",IF(O17>N17,"Recheck Market Value.",IF(AND(K17>0,U17=5),"Recheck remaining term."," "))) | T17: =IF(((SL!$D17-'trial balance'!$A$3)/365)<=0,0,(SL!$D17-'trial balance'!$A$3)/365) -> #VALUE! | U17: 5 | V17: 1 | W17: =VLOOKUP(T17,Data!$F$7:$G$11,2,TRUE) -> #VALUE!
A18: 9 | E18: =(D18-C18)/365 -> 0 | P18: =IF(V18=2,(O18-K18),0) -> 0 | Q18: =IF(K18<=0,0,IF(V18=1,(VLOOKUP($U18,SLHaircut,3,FALSE)*K18),IF(V18=2,(VLOOKUP($U18,SLHaircut,3,FALSE)*O18),0))) -> 0 | R18: =IF(AND(K18>0,V18=3),"Indicate Type of Loan",IF(O18>N18,"Recheck Market Value.",IF(AND(K18>0,U18=5),"Recheck remaining term."," "))) | T18: =IF(((SL!$D18-'trial balance'!$A$3)/365)<=0,0,(SL!$D18-'trial balance'!$A$3)/365) -> #VALUE! | U18: 5 | V18: 1 | W18: =VLOOKUP(T18,Data!$F$7:$G$11,2,TRUE) -> #VALUE!
A19: 10 | E19: =(D19-C19)/365 -> 0 | P19: =IF(V19=2,(O19-K19),0) -> 0 | Q19: =IF(K19<=0,0,IF(V19=1,(VLOOKUP($U19,SLHaircut,3,FALSE)*K19),IF(V19=2,(VLOOKUP($U19,SLHaircut,3,FALSE)*O19),0))) -> 0 | R19: =IF(AND(K19>0,V19=3),"Indicate Type of Loan",IF(O19>N19,"Recheck Market Value.",IF(AND(K19>0,U19=5),"Recheck remaining term."," "))) | T19: =IF(((SL!$D19-'trial balance'!$A$3)/365)<=0,0,(SL!$D19-'trial balance'!$A$3)/365) -> #VALUE! | U19: 5 | V19: 1 | W19: =VLOOKUP(T19,Data!$F$7:$G$11,2,TRUE) -> #VALUE!
A20: 11 | E20: =(D20-C20)/365 -> 0 | P20: =IF(V20=2,(O20-K20),0) -> 0 | Q20: =IF(K20<=0,0,IF(V20=1,(VLOOKUP($U20,SLHaircut,3,FALSE)*K20),IF(V20=2,(VLOOKUP($U20,SLHaircut,3,FALSE)*O20),0))) -> 0 | R20: =IF(AND(K20>0,V20=3),"Indicate Type of Loan",IF(O20>N20,"Recheck Market Value.",IF(AND(K20>0,U20=5),"Recheck remaining term."," "))) | T20: =IF(((SL!$D20-'trial balance'!$A$3)/365)<=0,0,(SL!$D20-'trial balance'!$A$3)/365) -> #VALUE! | U20: 5 | V20: 1 | W20: =VLOOKUP(T20,Data!$F$7:$G$11,2,TRUE) -> #VALUE!
A21: 12 | E21: =(D21-C21)/365 -> 0 | P21: =IF(V21=2,(O21-K21),0) -> 0 | Q21: =IF(K21<=0,0,IF(V21=1,(VLOOKUP($U21,SLHaircut,3,FALSE)*K21),IF(V21=2,(VLOOKUP($U21,SLHaircut,3,FALSE)*O21),0))) -> 0 | R21: =IF(AND(K21>0,V21=3),"Indicate Type of Loan",IF(O21>N21,"Recheck Market Value.",IF(AND(K21>0,U21=5),"Recheck remaining term."," "))) | T21: =IF(((SL!$D21-'trial balance'!$A$3)/365)<=0,0,(SL!$D21-'trial balance'!$A$3)/365) -> #VALUE! | U21: 5 | V21: 2 | W21: =VLOOKUP(T21,Data!$F$7:$G$11,2,TRUE) -> #VALUE!
... A24: 15 | E24: =(D24-C24)/365 -> 0 | P24: =IF(V24=2,(O24-K24),0) -> 0 | Q24: =IF(K24<=0,0,IF(V24=1,(VLOOKUP($U24,SLHaircut,3,FALSE)*K24),IF(V24=2,(VLOOKUP($U24,SLHaircut,3,FALSE)*O24),0))) -> 0 | R24: =IF(AND(K24>0,V24=3),"Indicate Type of Loan",IF(O24>N24,"Recheck Market Value.",IF(AND(K24>0,U24=5),"Recheck remaining term."," "))) | T24: =IF(((SL!$D24-'trial balance'!$A$3)/365)<=0,0,(SL!$D24-'trial balance'!$A$3)/365) -> #VALUE! | U24: 5 | V24: 1 | W24: =VLOOKUP(T24,Data!$F$7:$G$11,2,TRUE) -> #VALUE!
B25: TOTAL | K25: =SUM(K10:K24) -> 0 | N25: =SUM(N10:N24) -> 0 | O25: =SUM(O10:O24) -> 0 | Q25: =SUM(Q10:Q24) -> 0

Sheet Reference
C1: REFERENCE SHEET
A4: Cash in Bank | C4: Please provide details in Schedule 1_Cash in Bank
A6: Reserved Bank Account | C6: Please provide details in Schedule 1_ Cash in Bank
A8: Short Term Placement/Investments | C8: Please provide details in Schedule 2_Placement
C10: Investments of funds available for current operations and are intended to meet working capital requirement.
C11: This includes bonds,commercial papers,govt obligations and certificates of deposits.
A13: Receivable From Customers | C13: Please provide details in Schedule 4_Security Valuation
C14: Claims due from customers of the business for the purchase of securities.
A16: Receivable from Non Customers | C16: Amounts due or collectible from officers, employees and other persons associated with the company
A19: Receivable from Other Brokers | C19: Claims due from other brokers for the purchase of securities.
A21: Receivable From Clearing House | C21: Amounts due or collectible from SCCP for securities sold for the account of customers or for the broker's own account.
A23: Receivable for Securities Failed to Deliver | C23: Amount of the contract price of securities which was not delivered on settlement date
A25: Receivable for Securities Borrowed | C25: Market value of securities borrowed
A27: Secured Demand Notes | C27: Represents market value of securities used as collateral under subordination agreements.
A30: Due from Affiliates/Subsidiaries/Associated Partnerships | C30: Amounts due or collectible from affiliates, subsidiaries and associated partnerships such as allocation of expenses and other intercompany charges
A32: Investments in Securities with No Ready Market | C32: Investments acquired for purposes of control, affiliation or for some continuing business advantage whose shares are not listed in the Exchange.
A35: Payable to Customers | C35: Please provide details in Schedule 4_Security Valuation
A37: Due to Affiliates, Officers and Employees | C37: Includes retirement and other staff benefits
A39: Deposit for Future Subscription | C39: Please fill in details at "Others" worksheet.
C40: Generally where application has been filed with SEC.
C41: Where no application has been filed with SEC, this forms part of aggregate indebtedness

Sheet Financial Statements
I1: Control No. ____________________
I2: Form Type: BDFS
A4: SPECIAL FORM FOR FINANCIAL STATEMENTS OF
A5: BROKER DEALERS IN SECURITIES
A6: =+'trial balance'!A1:C1 -> NAME OF THE TRADING PARTICIPANT
A7: =+'trial balance'!A3:C3 -> mm/dd/yyyy
A8: PSIC OLD: _____________________ NEW:_____________________
J9: =+J126-J13 -> 0
A11: Table 1. Balance Sheet
A13: A. ASSETS (A.1+A.2+A.3+A.4+A.5+A.6+A.7+A.8) | J13: =+J15+J48+J47+J49+J50+J52+J66+J69 -> 0
B15: A.1 Current Assets (A.1.1+.A.1.2+A.1.3+A.1.4+A.1.5+A.1.6+A.1.7) | J15: =+J16+J19+J20+J26+J38+J39+J43 -> 0
C16: A.1.1 Cash and Cash Equivalents | J16: =SUM(I17:I18) -> 0
D17: A.1.1.1 Cash on hand and in bank | I17: =SUM('trial balance'!B8:B10) -> 0
D18: A.1.1.2 Reserve Bank Account | I18: =+'trial balance'!B11 -> 0
C19: A.1.2 Short-Term Investments | J19: =+'trial balance'!B13+'trial balance'!B42 -> 0
C20: A.1.3 Propriety Security Owned (A.1.3.1+A.1.3.2+A.1.3.3) | J20: =SUM(I21:I24) -> 0
C21: A.1.3.1 Trading account Securities | I21: =+'trial balance'!B15 -> 0
C22: A.1.3.2 Oddlot and Error Transactions | I22: =+'trial balance'!B16 -> 0
C23: A.1.3.3 Allowance for market decline in values of
C24: Proprietary Securities Owned (negative entry) | I24: =-+'trial balance'!C17 -> 0 | K24: =IF(SUM(I21:I22)<-I24,"Recheck! Allowance exceeds Cost.","")
C25: A.1.4 Receivables (A.1.4.1+A.1.4.2+A.1.4.3+A.1.4.4+A.1.4.5
C26: +A.1.4.6+A.1.4.7+A.1.4.8+A.1.4.9) | J26: =SUM(I27:I37) -> 0
C27: A.1.4.1 Receivable from Customers | I27: =+'trial balance'!B19 -> 0
C28: A.1.4.2 Receivable from other Brokers | I28: =+'trial balance'!B21 -> 0
C29: A.1.4.3 Receivable from Clearing House | I29: =+'trial balance'!B22 -> 0
C30: A.1.4.4 Receivable for Securities Failed to Deliver | I30: =+'trial balance'!B23 -> 0
C31: A.1.4.5 Receivable for Securities Borrowed | I31: =+'trial balance'!B24 -> 0
C32: A.1.4.6 Notes Receivable | I32: =+'trial balance'!B25 -> 0
C33: A.1.4.7 Dividends Receivable | I33: =+'trial balance'!B26 -> 0
C34: A.1.4.8 Interest Receivable | I34: =+'trial balance'!B27 -> 0
C35: A.1.4.9 Other Receivables | I35: =+'trial balance'!B28 -> 0
C36: A.1.4.10 Allowance for doubtful accounts/ Allowance for bad
C37: debts or probable losses (negative entry) | I37: =-'trial balance'!C20 -> 0
C38: A.1.5 Secured Demand Notes | J38: =+'trial balance'!B30 -> 0
C39: A.1.6 Loans and Advances (A.1.6.1+A.1.6.2+A.1.6.3) | J39: =SUM(I40:I42) -> 0
D40: A.1.6.1 Advances to Officers and Employees | I40: =+'trial balance'!B32 -> 0
D41: A.1.6.2 Advances to Suppliers | I41: =+'trial balance'!B33 -> 0
D42: A.1.6.3 Advances-Others | I42: =+'trial balance'!B34 -> 0
C43: A.1.7 Other current assets (A.1.7.1+A.1.7.2) | J43: =SUM(I44:I46) -> 0
D44: A.1.7.1 Prepayments | I44: =SUM('trial balance'!B35:B39)-'trial balance'!B38 -> 0
D45: A.1.7.2 Prepayment from Client for Early Settlement of Account | I45: =+'trial balance'!B38 -> 0
D46: A.1.7.3 Others | I46: =+'trial balance'!B40 -> 0
B47: A.2 Equity Investment in PSE | J47: =+'trial balance'!B51 -> 0
B48: A.3 Receivable from Affiliates / Subsidiaries / Associated Partnerships | J48: =+'trial balance'!B45 -> 0
B49: A.4 Investments in Securities with No Ready Market | J49: =+'trial balance'!B47 -> 0
B50: A.5 Other Long Term Investments | J50: =+'trial balance'!B49+'trial balance'!B43 -> 0
B51: A.6 Property and Equipment
C52: (A.6.1+A.6.2+A.6.3+A.6.4+A.6.5+A.6.6+A.6.7) | J52: =SUM(I56:I64)+I65 -> 0
A54: Table 1. Balance Sheet
C56: A.6.1 Land | I56: =+'trial balance'!B56 -> 0
C57: A.6.2 Land Improvements | I57: =+'trial balance'!B57 -> 0
C58: A.6.3 Building and improvements including leasehold | I58: =+'trial balance'!B58+'trial balance'!B60 -> 0
C59: improvements
C60: A.6.4 Furniture and fixtures | I60: =+'trial balance'!B62 -> 0
C61: A.6.5 Office equipment/Computer Software/Hardware | I61: =+'trial balance'!B64 -> 0
C62: A.6.6 Transportation / Automotive equipment | I62: =+'trial balance'!B66 -> 0
C63: A.6.7 Others
D64: A.6.7.1 Other Fixed Assets | I64: =+'trial balance'!B68 -> 0
C65: A.6.8 Accumulated Depreciation (negative only) | I65: =-'trial balance'!C59-'trial balance'!C61-'trial balance'!C63-'trial balance'!C65-'trial balance'!C67-'trial balance'!C69 -> 0
B66: A.7 Intangible assets (A.7.1+A.7.2) | J66: =SUM(I67:I68) -> 0
C67: A.7.1 Trading Rights | I67: =+'trial balance'!B52-'trial balance'!C53 -> 0
C68: A.7.2 Others | I68: =+'trial balance'!B54 -> 0
B69: A.8 Other Assets (A.8.1+A.8.2+A.8.3) | J69: =SUM(I70:I72) -> 0
C70: A.8.1 Deferred Tax Assets | I70: =+'trial balance'!B76 -> 0
C71: A.8.2 Others | I71: =+'trial balance'!B72+'trial balance'!B73+'trial balance'!B74+'trial balance'!B75+'trial balance'!B77 -> 0
C72: A.8.3 Miscellaneous Assets | I72: =SUM('trial balance'!B85:B120) -> 0
A74: B. LIABILITIES (B.1+B.2+B.3+B.4+B.5+B.6+B.7+B.8) | J74: =+J76+J91+J92+J93+J94+J98+J99+J100 -> 0
B75: B.1 Current Liabilities (B.1.1+B.1.2+B.1.3+B.1.4+B.1.5
C76: B.1.6+B.1.7+B.1.8+B.1.9+B.1.10+B.1.11+B.1.12+B.1.13) | J76: =SUM(I77:I89) -> 0
C77: B.1.1 | D77: Payable to Customers | I77: =+'trial balance'!C79 -> 0
C78: B.1.2 | D78: Payable to Clearing House | I78: =+'trial balance'!C80 -> 0
C79: B.1.3 | D79: Payable to Non-Customers | I79: =+'trial balance'!C81 -> 0
C80: B.1.4 | D80: Payable for Securities failed to receive | I80: =+'trial balance'!C82 -> 0
C81: B.1.5 | D81: Payable for Securities loans | I81: =+'trial balance'!C83 -> 0
C82: B.1.6 | D82: Bank Overdrafts | I82: =+'trial balance'!C84 -> 0
C83: B.1.7 | D83: Accrued Expenses | I83: =+'trial balance'!C108 -> 0
C84: B.1.8 | D84: Unclaimed dividends/Dividends Payable | I84: =+'trial balance'!C85 -> 0
C85: B.1.9 | D85: Interest Payable | I85: =+'trial balance'!C110 -> 0
C86: B.1.10 | D86: Notes Payable | I86: =+'trial balance'!C109 -> 0
C87: B.1.11 | D87: Securities Differences | I87: =+'trial balance'!C111 -> 0
C88: B.1.12 | D88: Due to affiliates, advances from parent
D89: company, inter-company payable | I89: =+'trial balance'!C86 -> 0
B91: B.2 | C91: Taxes Payable | J91: =SUM('trial balance'!C87:C93)+SUM('trial balance'!C100:C102) -> 0
B92: B.3 | C92: Refundable Deposits | J92: =+'trial balance'!C113 -> 0
B93: B.4 | C93: Mortgage Payable | J93: =+'trial balance'!C112 -> 0
B94: B.5 | C94: Bank Loans Payable | J94: =+'trial balance'!C107 -> 0
A96: Table 1. Balance Sheet
B98: B.6 | C98: Securities Sold Not Yet Repurchased | J98: =+'trial balance'!C114 -> 0
B99: B.7 | C99: Subordinated Liability | J99: =+'trial balance'!C122 -> 0
B100: B.8 | C100: Other Liabilities | J100: =SUM(I101:I104) -> 0
C101: B.8.1 | D101: Deferred Tax Liabilities | I101: =+'trial balance'!C118+'trial balance'!C119 -> 0
C102: B.8.2 | D102: SSS/Pag-ibig/Medicare/ECC Payables | I102: =SUM('trial balance'!C94:C99) -> 0
C103: B.8.3 | D103: Transfer Fee/PCD/SCCP Payables | I103: =SUM('trial balance'!C103:C106) -> 0
C104: B.8.4 | D104: Other Payables | I104: =SUM('trial balance'!C115:C120)-'trial balance'!C118-'trial balance'!C119+SUM('trial balance'!C25:C28)+SUM('trial balance'!C32:C40)+'trial balance'!C45 -> 0
A106: C. STOCKHOLDERS' EQUITY (C.2+C.3+C.4+C.5) | J106: =+J112+J116+J117+J119+J120+J124 -> 0
B107: C.1 | C107: Authorized Capital Stocks - no. shares, par value and total
C108: value (show details, memo entry)
B112: C.2 | C112: Paid-in Capital (no. of shares, par value and total value) | J112: =SUM(I113:I115) -> 0
D113: C.2.1 | E113: Preferred shares | I113: =+'trial balance'!C127+'trial balance'!C129-'trial balance'!B131 -> 0
D114: C.2.2 | E114: Common shares | I114: =+'trial balance'!C126+'trial balance'!C128-'trial balance'!B130 -> 0
...

Sheet MS-25%
B1: =+'trial balance'!A1 -> NAME OF THE TRADING PARTICIPANT
B2: MARKETABLE SECURITIES AND INVESTMENTS
B3: =+'trial balance'!A3 -> mm/dd/yyyy
F5: Cost | G5: Market Value | H5: Unrealized Loss / ( Gain )
C6: Equities in the PHISIX | F6: =F56 -> 0 | G6: =+H56 -> 0 | H6: =F6-G6 -> 0
C7: Equities outside the PHISIX | F7: ='MS-Others'!F161 -> 0 | G7: ='MS-Others'!H161 -> 0 | H7: =F7-G7 -> 0
C8: Total Marketable Securities | F8: =SUM(F6:F7) -> 0 | G8: =SUM(G6:G7) -> 0 | H8: =F8-G8 -> 0
C9: Equities not traded in Exchange | F9: ='MS-Others'!F175 -> 0 | G9: ='MS-Others'!H175 -> 0 | H9: =F9-G9 -> 0
F10: =F8+F9 -> 0 | G10: =G8+G9 -> 0 | H10: =H8+H9 -> 0
G12: Market Value | H12: Total
B13: Stocks | C13: No. of Shares | E13: Unit Cost | F13: Total Cost | G13: Per Share | H13: Market Value
B15: Equities in the PHISIX
A16: 1 | F16: =+C16*E16 -> 0 | H16: =+C16*G16 -> 0
A17: 2 | F17: =+C17*E17 -> 0 | H17: =+C17*G17 -> 0
A18: 3 | F18: =+C18*E18 -> 0 | H18: =+C18*G18 -> 0
A19: 4 | F19: =+C19*E19 -> 0 | H19: =+C19*G19 -> 0
A20: 5 | F20: =+C20*E20 -> 0 | H20: =+C20*G20 -> 0
A21: 6 | F21: =+C21*E21 -> 0 | H21: =+C21*G21 -> 0
A22: 7 | F22: =+C22*E22 -> 0 | H22: =+C22*G22 -> 0
A23: 8 | F23: =+C23*E23 -> 0 | H23: =+C23*G23 -> 0
A24: 9 | F24: =+C24*E24 -> 0 | H24: =+C24*G24 -> 0
A25: 10 | F25: =+C25*E25 -> 0 | H25: =+C25*G25 -> 0
A26: 11 | F26: =+C26*E26 -> 0 | H26: =+C26*G26 -> 0
A27: 12 | F27: =+C27*E27 -> 0 | H27: =+C27*G27 -> 0
... A55: 40 | F55: =+C55*E55 -> 0 | H55: =+C55*G55 -> 0
B56: Subtotal | F56: =SUM(F16:F48) -> 0 | H56: =SUM(H16:H48) -> 0

Sheet MS-Others
B1: =+'trial balance'!A1 -> NAME OF THE TRADING PARTICIPANT
B2: SECURITIES OUTSIDE PHISIX AND OTHER INVESTMENTS
B3: =+'trial balance'!A3 -> mm/dd/yyyy
G6: Market Value | H6: Total
B7: Stocks | C7: No. of Shares | E7: Unit Cost | F7: Total Cost | G7: Per Share | H7: Market Value
B9: Other Equities outside the PHISIX
A10: 1 | F10: =+C10*E10 -> 0 | H10: =+C10*G10 -> 0
A11: =A10+1 -> 2 | F11: =+C11*E11 -> 0 | H11: =+C11*G11 -> 0
A12: =A11+1 -> 3 | F12: =+C12*E12 -> 0 | H12: =+C12*G12 -> 0
A13: =A12+1 -> 4 | F13: =+C13*E13 -> 0 | H13: =+C13*G13 -> 0
A14: =A13+1 -> 5 | F14: =+C14*E14 -> 0 | H14: =+C14*G14 -> 0
A15: =A14+1 -> 6 | F15: =+C15*E15 -> 0 | H15: =+C15*G15 -> 0
A16: =A15+1 -> 7 | F16: =+C16*E16 -> 0 | H16: =+C16*G16 -> 0
A17: =A16+1 -> 8 | F17: =+C17*E17 -> 0 | H17: =+C17*G17 -> 0
A18: =A17+1 -> 9 | F18: =+C18*E18 -> 0 | H18: =+C18*G18 -> 0
A19: =A18+1 -> 10 | F19: =+C19*E19 -> 0 | H19: =+C19*G19 -> 0
A20: =A19+1 -> 11 | F20: =+C20*E20 -> 0 | H20: =+C20*G20 -> 0
A21: =A20+1 -> 12 | F21: =+C21*E21 -> 0 | H21: =+C21*G21 -> 0
A22: =A21+1 -> 13 | F22: =+C22*E22 -> 0 | H22: =+C22*G22 -> 0
... A159: =A158+1 -> 150 | F159: =+C159*E159 -> 0 | H159: =+C159*G159 -> 0
A160: =A159+1 -> 151 | B160: Various ( Please provide separate schedule )
B161: Subtotal | F161: =SUM(F10:F160) -> 0 | H161: =SUM(H10:H160) -> 0
B163: Equities not traded in Exchange but proven to be marketable
A164: 1 | F164: =+C164*E164 -> 0 | H164: =+C164*G164 -> 0
A165: 2 | F165: =+C165*E165 -> 0 | H165: =+C165*G165 -> 0
A166: 3 | F166: =+C166*E166 -> 0 | H166: =+C166*G166 -> 0
A167: 4 | F167: =+C167*E167 -> 0 | H167: =+C167*G167 -> 0
A168: 5 | F168: =+C168*E168 -> 0 | H168: =+C168*G168 -> 0
A169: 6 | F169: =+C169*E169 -> 0 | H169: =+C169*G169 -> 0
A170: 7 | F170: =+C170*E170 -> 0 | H170: =+C170*G170 -> 0
A171: 8 | F171: =+C171*E171 -> 0 | H171: =+C171*G171 -> 0
A172: 9 | F172: =+C172*E172 -> 0 | H172: =+C172*G172 -> 0
A173: 10 | F173: =+C173*E173 -> 0 | H173: =+C173*G173 -> 0
A174: 11 | B174: Various ( Please provide separate schedule )
B175: Subtotal | F175: =SUM(F164:F174) -> 0 | H175: =SUM(H164:H174) -> 0

Sheet Core Equity
B1: =+'trial balance'!A1 -> NAME OF THE TRADING PARTICIPANT
B2: SCHEDULE CE-1
B3: MANUAL COMPUTATION OF CORE EQUITY
B4: =+'trial balance'!A3 -> mm/dd/yyyy
B8: Capital Account | D8: Account Balance
A10: =1&"." -> 1. | B10: Paid-up common stock; | D10: ='Financial Statements'!I114 -> 0
A11: =A10+1&"." -> 2. | B11: Paid-up perpetual and non-cumulative preferred stock | D11: ='Financial Statements'!I113 -> 0
A12: =A11+1&"." -> 3. | B12: Common stock dividends distributable
A13: =A12+1&"." -> 4. | B13: Perpetual and non-cumulative preferred stock dividends distributable;
A14: =A13+1&"." -> 5. | B14: Additional Paid In Capital | D14: =+'Financial Statements'!I115+'Financial Statements'!J117+Others!F22 -> 0
A15: =A14+1&"." -> 6. | B15: Surplus reserves excluding revaluation reserves or appraisal capital;
A16: =A15+1&"." -> 7. | B16: Opening retained earnings adjusted for all current year movements | D16: ='Financial Statements'!J159 -> 0
B19: Total Core Equity | D19: =SUM(D10:D18) -> 0
B21: Note: Exclusions in the computation of Core Equity
B22: (1) Common stock treasury shares
B23: (2) Perpetual and non-cumulative preferred stock treasury shares;
B24: (3) Unbooked valuation reserves and other capital adjustments (such as unrealized gain in value of noncurrent investments)

Sheet Cash in Bank
A1: =+'trial balance'!A1 -> NAME OF THE TRADING PARTICIPANT
A2: SCHEDULE OF CASH IN BANK (net debit and net credit)
A3: =+'trial balance'!A3 -> mm/dd/yyyy
A6: I. Schedule of Banks with Net Debit Amount:
E7: Net Debit
B8: Bank Account Details (Bank, (SA or CA), Acct. No.) | C8: Account # | D8: Currency | E8: Amount
A10: 1
A11: 2
A12: 3
A13: 4
A14: 5
A15: 6
A16: 7
A17: 8
A18: 9
A19: 10
A20: 11
A21: 12
... A24: 15
A25: 16 | B25: Various ( Provide details below Row 60 and link to Cell E25 )
E26: =SUM(E10:E25) -> 0
A29: II. Schedule of Banks with Net Credit Amount (Bank Overdraft)
E31: Net Credit
B32: Bank Account Details | C32: Account # | D32: Currency | E32: Amount
A34: 1
A35: 2
A36: 3
A37: 4
A38: 5
A39: 6
A40: 7
E41: =SUM(E34:E40) -> 0
A44: III. Reserve Bank Account
F46: If for DDS, kindly indicate "DDS"
B47: Bank Account Details | C47: Account # | D47: Currency | E47: Amount
A49: 1
A50: 2
A51: 3
A52: 4
A53: 5
E54: =SUM(E49:E53) -> 0
B61: Various: | F61: If for DDS, kindly indicate "DDS"
B62: Bank Account Details | C62: Account # | D62: Currency | E62: Amount

Sheet Placement
B1: =+'trial balance'!A1 -> NAME OF THE TRADING PARTICIPANT
B2: MONEY MARKET PLACEMENTS/INVESTMENTS IN BONDS AND OTHER DEBT INSTRUMENTS (IBODI)
B3: =+'trial balance'!A3 -> mm/dd/yyyy
B6: T-Bills/Placements* | C6: Principal Amount | D6: Maturity Date | E6: Rate (%) | F6: Maturity Value
B8: I. Money Market Placements
A9: 1
A10: 2
A11: 3
A12: 4
A13: 5
A14: 6
A15: 7
A16: 8
A17: 9
A18: 10
A19: 11
A20: 12
... A22: 14
A23: 15 | B23: Various ( Provide details below Row 85 ) | D23: Various | E23: Various
B25: Subtotal | C25: =SUM(C9:C23) -> 0 | F25: =SUM(F9:F23) -> 0
B28: II. A IBODI - Private ( <=30 days )
A30: 1
A31: 2
A32: 3
A33: 4
A34: 5
A35: 6 | B35: Various ( Provide details below Row 85 ) | D35: Various | E35: Various
B36: Subtotal | C36: =SUM(C30:C35) -> 0 | F36: =SUM(F30:F35) -> 0
B38: II. B IBODI - Private ( > 30 days but <= 1 year )
A40: 1
A41: 2
A42: 3
A43: 4
A44: 5
A45: 6 | B45: Various ( Provide details below Row 85 ) | D45: Various | E45: Various
B46: Subtotal | C46: =SUM(C40:C45) -> 0 | F46: =SUM(F40:F45) -> 0
B48: II.C IBODI - Private ( > 1 year )
A50: 1
A51: 2
A52: 3
A53: 4
A54: 5
A55: 6 | B55: Various ( Provide details below Row 85 ) | D55: Various | E55: Various
B56: Subtotal | C56: =SUM(C50:C55) -> 0 | F56: =SUM(F50:F55) -> 0
B58: III.A IBODI - Government (<= 1 year )
A60: 1
A61: 2
A62: 3
A63: 4
A64: 5
A65: 6 | B65: Various ( Provide details below Row 85 ) | D65: Various | E65: Various
B66: Subtotal | C66: =SUM(C60:C65) -> 0 | F66: =SUM(F60:F65) -> 0
B68: III.B IBODI - Government ( > 1 year )
A70: 1
A71: 2
A72: 3
A73: 4
A74: 5
A75: 6 | B75: Various ( Provide details below Row 85 ) | D75: Various | E75: Various
B76: Subtotal | C76: =SUM(C70:C75) -> 0 | F76: =SUM(F70:F75) -> 0
B78: TOTAL | C78: =+C25+C36+C46+C56+C66+C76 -> 0 | F78: =+F25+F36+F46+F56+F66+F76 -> 0
B81: *Should be properly enumerated with supports attached.

Sheet Receivables
A1: ='trial balance'!A1 -> NAME OF THE TRADING PARTICIPANT
A2: Schedule of Receivables
A3: =RBC!A3 -> mm/dd/yyyy
A6: Aging | C6: Balance | D6: Collateral (net of haircut) | E6: Counterparty Exposure after Collateral | F6: Allowance for Bad Debts | G6: Net Exposure | H6: Counterparty Weight (%) | I6: Credit Risk Factor (CRF%) | J6: Credit Risk Requirement
A7: T to T + 1 of counterparty | C7: =+C14 -> 0 | D7: =+D14 -> 0 | E7: =+E14 -> 0 | F7: =+F14 -> 0 | G7: =+G14 -> 0
A8: T + 2 to T + 12 of counterparty | C8: =+C23 -> 0 | D8: =+D23 -> 0 | E8: =+E23 -> 0 | F8: =+F23 -> 0 | G8: =+G23 -> 0
A9: T +13 to T + 30 of counterparty | C9: =+C32 -> 0 | D9: =+D32 -> 0 | E9: =+E32 -> 0 | F9: =+F32 -> 0 | G9: =+G32 -> 0
A10: Beyond T + 30 of counterparty | C10: =+C40 -> 0 | D10: =+D40 -> 0 | E10: =+E40 -> 0 | F10: =+F40 -> 0 | G10: =+G40 -> 0
A11: Total | C11: =SUM(C7:C10) -> 0 | D11: =SUM(D7:D10) -> 0 | E11: =SUM(E7:E10) -> 0 | F11: =SUM(F7:F10) -> 0 | G11: =SUM(G7:G10) -> 0
A13: T to T + 1 of counterparty
A14: T to T + 1 of counterparty | C14: 0 | D14: 0 | E14: =C14-D14 -> 0 | F14: 0 | G14: =IF((E14-F14)>=0,E14-F14,0) -> 0 | H14: 0 | I14: 0 | J14: 0
A16: T + 2 to T + 12 of counterparty
A17: Others | C17: 0 | D17: 0 | E17: =C17-D17 -> 0 | F17: 0 | G17: =IF((E17-F17)>=0,E17-F17,0) -> 0 | H17: 1 | I17: =IF(E17>0,0.08,0) -> 0 | J17: =G17*H17*I17 -> 0
A18: Others (with computed CRR) | C18: 0 | D18: 0 | E18: =C18-D18 -> 0 | F18: 0 | G18: =IF((E18-F18)>=0,E18-F18,0) -> 0 | H18: 1 | I18: =IF(E18>0,0.08,0) -> 0 | J18: =G18*H18*I18 -> 0
A19: Exchange/Non-exchange TP with Restrictions | C19: 0 | D19: 0 | E19: =C19-D19 -> 0 | F19: 0 | G19: =IF((E19-F19)>=0,E19-F19,0) -> 0 | H19: 1 | I19: =IF(E19>0,0.08,0) -> 0 | J19: =G19*H19*I19 -> 0
A20: Counterparties subj. to 20% Weight | C20: 0 | D20: 0 | E20: =C20-D20 -> 0 | F20: 0 | G20: =IF((E20-F20)>=0,E20-F20,0) -> 0 | H20: 0.2 | I20: =IF(E20>0,0.08,0) -> 0 | J20: =G20*H20*I20 -> 0
A21: Counterparties subj. to 50% Weight | C21: 0 | D21: 0 | E21: =C21-D21 -> 0 | F21: 0 | G21: =IF((E21-F21)>=0,E21-F21,0) -> 0 | H21: 0.5 | I21: =IF(E21>0,0.08,0) -> 0 | J21: =G21*H21*I21 -> 0
A22: Government - Natl. govt./BSP | C22: 0 | D22: 0 | E22: =C22-D22 -> 0 | F22: 0 | G22: =IF((E22-F22)>=0,E22-F22,0) -> 0 | H22: 0 | I22: =IF(E22>0,0.08,0) -> 0 | J22: =G22*H22*I22 -> 0
A23: Total | C23: =SUM(C17:C22) -> 0 | D23: =SUM(D17:D22) -> 0 | E23: =SUM(E17:E22) -> 0 | F23: =SUM(F17:F22) -> 0 | G23: =SUM(G17:G22) -> 0 | J23: =SUM(J17:J22) -> 0
A25: T +13 to T + 30 of counterparty
A26: Others | C26: 0 | D26: 0 | E26: =C26-D26 -> 0 | F26: 0 | G26: =IF((E26-F26)>=0,E26-F26,0) -> 0 | H26: 1 | I26: =IF(E26>0,0.5,0) -> 0 | J26: =G26*H26*I26 -> 0
A27: Others (with computed CRR) | C27: 0 | D27: 0 | E27: =C27-D27 -> 0 | F27: 0 | G27: =IF((E27-F27)>=0,E27-F27,0) -> 0 | H27: 1 | I27: =IF(E27>0,0.5,0) -> 0 | J27: =G27*H27*I27 -> 0
A28: Exchange/Non-exchange TP with Restrictions | C28: 0 | D28: 0 | E28: =C28-D28 -> 0 | F28: 0 | G28: =IF((E28-F28)>=0,E28-F28,0) -> 0 | H28: 1 | I28: =IF(E28>0,0.5,0) -> 0 | J28: =G28*H28*I28 -> 0
A29: Counterparties subj. to 20% Weight | C29: 0 | D29: 0 | E29: =C29-D29 -> 0 | F29: 0 | G29: =IF((E29-F29)>=0,E29-F29,0) -> 0 | H29: 0.2 | I29: =IF(E29>0,0.5,0) -> 0 | J29: =G29*H29*I29 -> 0
A30: Counterparties subj. to 50% Weight | C30: 0 | D30: 0 | E30: =C30-D30 -> 0 | F30: 0 | G30: =IF((E30-F30)>=0,E30-F30,0) -> 0 | H30: 0.5 | I30: =IF(E30>0,0.5,0) -> 0 | J30: =G30*H30*I30 -> 0
A31: Government - Natl. govt./BSP | C31: 0 | D31: 0 | E31: =C31-D31 -> 0 | F31: 0 | G31: =IF((E31-F31)>=0,E31-F31,0) -> 0 | H31: 0 | I31: =IF(E31>0,0.5,0) -> 0 | J31: =G31*H31*I31 -> 0
C32: =SUM(C26:C31) -> 0 | D32: =SUM(D26:D31) -> 0 | E32: =SUM(E26:E31) -> 0 | F32: =SUM(F26:F31) -> 0 | G32: =SUM(G26:G31) -> 0 | J32: =SUM(J26:J31) -> 0
A34: Beyond T + 30 of counterparty
A35: Others | C35: 0 | D35: 0 | E35: =C35-D35 -> 0 | F35: 0 | G35: =IF((E35-F35)>=0,E35-F35,0) -> 0 | H35: 1 | I35: =IF(E35>0,1,0) -> 0 | J35: =G35*H35*I35 -> 0
A36: Exchange/Non-exchange TP with Restrictions | C36: 0 | D36: 0 | E36: =C36-D36 -> 0 | F36: 0 | G36: =IF((E36-F36)>=0,E36-F36,0) -> 0 | H36: 1 | I36: =IF(E36>0,1,0) -> 0 | J36: =G36*H36*I36 -> 0
A37: Counterparties subj. to 20% Weight | C37: 0 | D37: 0 | E37: =C37-D37 -> 0 | F37: 0 | G37: =IF((E37-F37)>=0,E37-F37,0) -> 0 | H37: 0.2 | I37: =IF(E37>0,1,0) -> 0 | J37: =G37*H37*I37 -> 0
A38: Counterparties subj. to 50% Weight | C38: 0 | D38: 0 | E38: =C38-D38 -> 0 | F38: 0 | G38: =IF((E38-F38)>=0,E38-F38,0) -> 0 | H38: 0.5 | I38: =IF(E38>0,1,0) -> 0 | J38: =G38*H38*I38 -> 0
A39: Government - Natl. govt./BSP | C39: 0 | D39: 0 | E39: =C39-D39 -> 0 | F39: 0 | G39: =IF((E39-F39)>=0,E39-F39,0) -> 0 | H39: 0 | I39: =IF(E39>0,1,0) -> 0 | J39: =G39*H39*I39 -> 0
C40: =SUM(C35:C39) -> 0 | D40: =SUM(D35:D39) -> 0 | E40: =SUM(E35:E39) -> 0 | F40: =SUM(F35:F39) -> 0 | G40: =SUM(G35:G39) -> 0 | J40: =SUM(J35:J39) -> 0
G41: `
A43: Unsettled Principal Trades
A44: T + 2 to T + 12 of Counterparty | E44: =C44-D44 -> 0 | G44: =IF((E44-F44)>=0,E44-F44,0) -> 0 | H44: 0.5 | I44: =IF(E44>0,0.08,0) -> 0 | J44: =G44*H44*I44 -> 0
A45: Beyond T + 13 of Counterparty | E45: =C45-D45 -> 0 | G45: =IF((E45-F45)>=0,E45-F45,0) -> 0 | H45: 0.5 | I45: =IF(E45>0,1,0) -> 0 | J45: =G45*H45*I45 -> 0
C46: =SUM(C44:C45) -> 0 | D46: =SUM(D44:D45) -> 0 | E46: =SUM(E44:E45) -> 0 | F46: =SUM(F44:F45) -> 0 | G46: =SUM(G44:G45) -> 0 | J46: =SUM(J44:J45) -> 0

Sheet Schedule 4_Security Valuation-C
A1: =+'trial balance'!A1:C1 -> NAME OF THE TRADING PARTICIPANT
A2: ADJUSTED SECURITY VALUATION
A3: =+'trial balance'!A3:C3 -> mm/dd/yyyy
A4: CUSTOMERS' ACCOUNTS
C7: Adjusted | D7: Adjusted
C8: Money Balance | D8: Security Valuation
A10: Particulars | D10: Long | E10: Short | F10: Unsecured
A12: Due From Customers
B13: Cash Account:
B14: More than 250%
B15: Between 200% to 250%
B16: Between 150% to 200%
B17: Between 100% to 150%
B18: Less than 100% | F18: =+C18-D18 -> 0
B19: Unsecured | F19: =+C19 -> 0
B21: SUBTOTAL | C21: =SUM(C14:C19) -> 0 | D21: =SUM(D14:D19) -> 0 | E21: =SUM(E14:E19) -> 0 | F21: =SUM(F14:F19) -> 0
B23: Margin Account:
B24: More than 250%
B25: Between 200% to 250%
B26: Between 150% to 200%
B27: Between 100% to 150%
B28: Less than 100% | F28: =+C28-D28 -> 0
B29: Unsecured | F29: =+C29-D29 -> 0
B31: SUBTOTAL | C31: =SUM(C24:C29) -> 0 | D31: =SUM(D24:D29) -> 0 | E31: =SUM(E24:E29) -> 0 | F31: =SUM(F24:F29) -> 0
B33: TOTAL | C33: =+C21+C31 -> 0 | D33: =+D21+D31 -> 0 | F33: =+F31+F21 -> 0
A35: Due to Customers
B36: Free Balances
B37: With Money Balances
B38: No Money Balances
C40: =SUM(C37:C38) -> 0 | D40: =SUM(D37:D38) -> 0 | E40: =SUM(E37:E38) -> 0
B42: With Short Position
B43: With Money Balances | C43: 0
B44: No Money Balances | C44: 0
C46: =SUM(C43:C44) -> 0 | D46: =SUM(D43:D44) -> 0 | E46: =SUM(E43:E44) -> 0
B48: TOTAL | C48: =+C40+C46 -> 0 | D48: =+D40+D46 -> 0 | E48: =+E40+E46 -> 0 | F48: =+F46+F40 -> 0
A50: MANAGEMENT TOTAL | C50: =+C33-C48 -> 0 | D50: =+D48+D33 -> 0 | F50: =+F33+F48 -> 0

Sheet Schedule 4_Security Valuation-B
A1: =+'trial balance'!A1:C1 -> NAME OF THE TRADING PARTICIPANT
A2: ADJUSTED SECURITY VALUATION
A3: =+'trial balance'!A3:C3 -> mm/dd/yyyy
A4: BROKERS' ACCOUNTS
C7: Adjusted | D7: Adjusted
C8: Money Balance | D8: Security Valuation
A10: Particulars | D10: Long | E10: Short | F10: Unsecured
A12: Due From Customers
B13: Cash Account:
B14: More than 250%
B15: Between 200% to 250%
B16: Between 150% to 200%
B17: Between 100% to 150%
B18: Less than 100% | F18: =+C18-D18 -> 0
B19: Unsecured | F19: =+C19 -> 0
B21: SUBTOTAL | C21: =SUM(C14:C19) -> 0 | D21: =SUM(D14:D19) -> 0 | F21: =SUM(F14:F19) -> 0
B23: Margin Account:
B24: More than 250%
B25: Between 200% to 250%
B26: Between 150% to 200%
B27: Between 100% to 150%
B28: Less than 100%
B29: Unsecured
B31: SUBTOTAL | C31: =SUM(C24:C29) -> 0 | D31: =SUM(D24:D29) -> 0
B33: TOTAL | C33: =+C21+C31 -> 0 | D33: =+D21+D31 -> 0 | F33: =+F31+F21 -> 0
A35: Due to Customers
B36: Free Balances
B37: With Money Balances
B38: No Money Balances
C40: =SUM(C37:C38) -> 0 | D40: =SUM(D37:D38) -> 0
B42: With Short Position
B43: With Money Balances | C43: 0
B44: No Money Balances | C44: 0
C46: =SUM(C43:C44) -> 0 | D46: =SUM(D43:D44) -> 0
B48: TOTAL | C48: =+C40+C46 -> 0 | D48: =+D40+D46 -> 0 | F48: =+F46+F40 -> 0
A50: MANAGEMENT TOTAL | C50: =+C33-C48 -> 0 | D50: =+D48+D33 -> 0 | F50: =+F33+F48 -> 0

Sheet ORR
A1: =+'trial balance'!A1 -> NAME OF THE TRADING PARTICIPANT
A2: SCHEDULE ORR-1
A3: MANUAL COMPUTATION OF OPERATIONAL RISK REQUIREMENT (ORR)
A4: ='trial balance'!A3 -> mm/dd/yyyy
A8: Type of Revenue/Income | B8: CURRENT YR | C8: YEAR -1 | D8: YEAR-2 | E8: AVE (sum/ 3)
B9: 2023 | C9: 2022 | D9: 2021
A10: Commission Income | E10: =SUM(B10:D10)/3 -> 0
A11: Interest Income | E11: =SUM(B11:D11)/3 -> 0
A12: Net Recovery from market decline of Marketable Securities Owned | E12: =SUM(B12:D12)/3 -> 0
A13: Rental Income | E13: =SUM(B13:D13)/3 -> 0
A14: Dividend Income | E14: =SUM(B14:D14)/3 -> 0
A15: Gain on Sale of Marketable Securities | E15: =SUM(B15:D15)/3 -> 0
A16: Gain on Sale of other Assets | E16: =SUM(B16:D16)/3 -> 0
A17: Other Income/Revenues | E17: =SUM(B17:D17)/3 -> 0
E18: =SUM(B18:D18)/3 -> 0
E19: =SUM(B19:D19)/3 -> 0
A20: Total Revenue/Income | B20: =SUM(B10:B19) -> 0 | C20: =SUM(C10:C19) -> 0 | D20: =SUM(D10:D19) -> 0 | E20: =SUM(E10:E19) -> 0
A21: Average of Last 3 Years' Gross Income | E21: =E20 -> 0
A22: Operational Risk Factor | E22: 0.2
A24: Total Operational Risk Requirement | E24: =E21*E22 -> 0
A25: (3-year average x Operational risk factor)
A27: =IF(E24>'Core Equity'!D19,"Core Equity is lesser than Operational Risk Requirement. Submit Capital build up plan from time of breach.","")

Sheet CRR
A1: =+'trial balance'!A1 -> NAME OF THE TRADING PARTICIPANT
A2: SCHEDULE CRR-1
A3: MANUAL COMPUTATION OF COUNTERPARTY RISK REQUIREMENT (CRR) FOR ALL TYPES OF SECURITIES (IN AGGREGATE)
A4: =+'trial balance'!A3 -> mm/dd/yyyy
A7: No. | B7: Counterparty Name | C7: Debt Aging Period (no. of market days overdue) | D7: Counterparty Exposure (Php) | E7: Discounted Collaterals and/or value of provisions made (Php) | F7: Net Counterparty Exposure (Php) | G7: Counterparty Weight (%) | H7: Credit Risk Factor (CRF%) | I7: CRR (Php)
D8: (a) | E8: (b) | F8: ( c ) [c=a-b] | G8: (d) | H8: (e) | I8: (f) (f=cxdxe)
A9: 1 | B9: Unsettled Customer trades | C9: Various | D9: =+Receivables!C23+Receivables!C32+Receivables!C40 -> 0 | E9: =+Receivables!D23+Receivables!D32+Receivables!D40+Receivables!F23+Receivables!F32+Receivables!F40 -> 0 | F9: =+D9-E9 -> 0 | G9: Various | H9: Various | I9: =+Receivables!J23+Receivables!J32+Receivables!J40 -> 0
A10: 2 | B10: Unsettled Principal trades | C10: Various | D10: =Receivables!C46 -> 0 | E10: =Receivables!D46+Receivables!F46 -> 0 | F10: =+D10-E10 -> 0 | G10: Various | H10: Various | I10: =Receivables!J46 -> 0
A11: 3 | B11: Debts/Loans, Contra Losses and other amounts due | F11: =+D11-E11 -> 0 | I11: =+F11*G11*H11 -> 0
A12: 4 | B12: Free Deliveries | F12: =+D12-E12 -> 0 | I12: =+F12*G12*H12 -> 0
A13: 5 | B13: Securities Borrowing and Lending | F13: =+D13-E13 -> 0 | I13: =+F13*G13*H13 -> 0
A14: 6 | B14: Margin Financing Lending | F14: =+D14-E14 -> 0 | I14: =+F14*G14*H14 -> 0
A15: 7 | B15: Others (pls. Specify) | F15: =+D15-E15 -> 0 | I15: =+F15*G15*H15 -> 0
A16: 8 | B16: Others (pls. Specify) | F16: =+D16-E16 -> 0 | I16: =+F16*G16*H16 -> 0
A17: Grand Total of CRR | I17: =SUM(I9:I16) -> 0
A18: *Prepare separate schedules (following the same format) showing breakdown of each major type of counterparty risk requirement

Sheet PRR
A1: =+'trial balance'!A1 -> NAME OF THE TRADING PARTICIPANT
A2: SCHEDULE PRR-1
A3: MANUAL COMPUTATION OF POSITION RISK REQUIREMENT (PRR) FOR FIXED INCOME AND EQUITY SECURITIES
A4: =+'trial balance'!A3 -> mm/dd/yyyy
A7: No. | B7: Type of Instrument/Security | C7: Time to Maturity [The difference between reporting date and the Maturity Date of FI Securities (months/years)] | D7: Total Market Value of the Instrument/ Securities (Php) | E7: Position Risk Factors (PRFs) | F7: PRR (Php)
B9: Equities in the PHISIX | D9: ='MS-25%'!G6 -> 0 | E9: 0.25 | F9: =+D9*E9 -> 0
B10: Other Equities outside the PHISIX | D10: ='MS-25%'!G7 -> 0 | E10: 0.35 | F10: =+D10*E10 -> 0
B11: Equities not traded in Exchange but proven to be marketable | D11: =+'MS-25%'!G9 -> 0 | E11: 1 | F11: =+D11*E11 -> 0
B13: Debt
B14: Republic of the Philippines | C14: Up to one (1) year | E14: 0.012 | F14: =+D14*E14 -> 0
C15: > 1 to 5 years | E15: 0.039 | F15: =+D15*E15 -> 0
C16: > 5 to 10 years | E16: 0.053 | F16: =+D16*E16 -> 0
C17: > 10 to 20 years | E17: 0.076 | F17: =+D17*E17 -> 0
C18: > 20 years | E18: 0.1 | F18: =+D18*E18 -> 0
B19: Other Corporate Debts | E19: 1 | F19: =+D19*E19 -> 0
B21: FX Position | E21: 0.08 | F21: =+D21*E21 -> 0
A23: Total PRR | F23: =SUM(F9:F22) -> 0

Sheet LERR-CLIENT
A1: =+'trial balance'!A1 -> NAME OF THE TRADING PARTICIPANT
A2: SCHEDULE LERR-1
A3: MANUAL COMPUTATION OF LARGE EXPOSURE RISK REQUIREMENT (LERR) TO SINGLE CLIENT
A4: ='trial balance'!A3 -> mm/dd/yyyy
A7: No. | B7: Counterparty Name [report only if (a) > 10% of Core Equity] | C7: Type of Securities and/or counterparty transaction type | D7: Net Counterparty Exposure (CE) for Securities and/or counterparty transaction type | E7: LERR (Excess of Net Counter Party Exposure over 10% Core Equity) | F7: 30% of Core Equity | G7: Breach maximum LER limit if Total Net CE exceeds 30% of Core Equity (yes/no)
D9: (Php) | E9: (Php) | F9: (Php)
B10: ='Core Equity'!D19*0.1 -> 0 | F10: =$B$10*3 -> 0
A11: 1 | E11: =IF(D11<=0,0,IF((D11-$B$10)>0,(D11-$B$10),0)) -> 0 | F11: =IF(E11>0,F$10,0) -> 0 | G11: =IF(E11<=0,0,IF(E11>F11,"Yes","No")) -> 0
A12: 2 | E12: =IF(D12<=0,0,IF((D12-$B$10)>0,(D12-$B$10),0)) -> 0 | F12: =IF(E12>0,F$10,0) -> 0 | G12: =IF(E12<=0,0,IF(E12>F12,"Yes","No")) -> 0
A13: 3 | E13: =IF(D13<=0,0,IF((D13-$B$10)>0,(D13-$B$10),0)) -> 0 | F13: =IF(E13>0,F$10,0) -> 0 | G13: =IF(E13<=0,0,IF(E13>F13,"Yes","No")) -> 0
A14: 4 | E14: =IF(D14<=0,0,IF((D14-$B$10)>0,(D14-$B$10),0)) -> 0 | F14: =IF(E14>0,F$10,0) -> 0 | G14: =IF(E14<=0,0,IF(E14>F14,"Yes","No")) -> 0
A15: 5 | E15: =IF(D15<=0,0,IF((D15-$B$10)>0,(D15-$B$10),0)) -> 0 | F15: =IF(E15>0,F$10,0) -> 0 | G15: =IF(E15<=0,0,IF(E15>F15,"Yes","No")) -> 0
A16: 6 | E16: =IF(D16<=0,0,IF((D16-$B$10)>0,(D16-$B$10),0)) -> 0 | F16: =IF(E16>0,F$10,0) -> 0 | G16: =IF(E16<=0,0,IF(E16>F16,"Yes","No")) -> 0
A17: 7 | E17: =IF(D17<=0,0,IF((D17-$B$10)>0,(D17-$B$10),0)) -> 0 | F17: =IF(E17>0,F$10,0) -> 0 | G17: =IF(E17<=0,0,IF(E17>F17,"Yes","No")) -> 0
A18: 8 | E18: =IF(D18<=0,0,IF((D18-$B$10)>0,(D18-$B$10),0)) -> 0 | F18: =IF(E18>0,F$10,0) -> 0 | G18: =IF(E18<=0,0,IF(E18>F18,"Yes","No")) -> 0
A19: 4 | E19: =IF(D19<=0,0,IF((D19-$B$10)>0,(D19-$B$10),0)) -> 0 | F19: =IF(E19>0,F$10,0) -> 0 | G19: =IF(E19<=0,0,IF(E19>F19,"Yes","No")) -> 0
A20: 5 | E20: =IF(D20<=0,0,IF((D20-$B$10)>0,(D20-$B$10),0)) -> 0 | F20: =IF(E20>0,F$10,0) -> 0 | G20: =IF(E20<=0,0,IF(E20>F20,"Yes","No")) -> 0
A21: 6 | E21: =IF(D21<=0,0,IF((D21-$B$10)>0,(D21-$B$10),0)) -> 0 | F21: =IF(E21>0,F$10,0) -> 0 | G21: =IF(E21<=0,0,IF(E21>F21,"Yes","No")) -> 0
A22: 7 | E22: =IF(D22<=0,0,IF((D22-$B$10)>0,(D22-$B$10),0)) -> 0 | F22: =IF(E22>0,F$10,0) -> 0 | G22: =IF(E22<=0,0,IF(E22>F22,"Yes","No")) -> 0
... A25: 10 | E25: =IF(D25<=0,0,IF((D25-$B$10)>0,(D25-$B$10),0)) -> 0 | F25: =IF(E25>0,F$10,0) -> 0 | G25: =IF(E25<=0,0,IF(E25>F25,"Yes","No")) -> 0
A26: 11 | B26: Various (Pls provide supporting sched below and link ) | E26: =IF(D26<=0,0,IF((D26-$B$10)>0,(D26-$B$10),0)) -> 0 | F26: =IF(E26>0,F$10,0) -> 0 | G26: =IF(E26<=0,0,IF(E26>F26,"Yes","No")) -> 0
A27: Grand Total of LERR | E27: =SUM(E11:E25) -> 0

Sheet LERR-ISSUER
A1: =+'trial balance'!A1 -> NAME OF THE TRADING PARTICIPANT
A2: SCHEDULE LERR-3
A3: MANUAL COMPUTATION OF LARGE EXPOSURE RISK REQUIREMENT (LERR) FOR EXPOSURE TO SINGLE EQUITY
A4: RELATIVE TO A PARTICULAR ISSUER COMPANY AND ITS GROUP OF COMPANIES
A5: =+'trial balance'!A3 -> mm/dd/yyyy
C8: LERR TO EQUITY VS CORE EQUITY LIMIT | H8: LERR TO EQUITY VS ISSUER LIMIT
A9: No. | B9: Name of Securities | C9: Quantity [report only if (a) > 10% of Core Equity] | D9: Total Market Value per Security (Php) | E9: Excess of Market Value over 10% of Core Equity | F9: Position Risk Factor | G9: LERR (Php) | H9: 5% of Total listed issue of the Equity | I9: Excess of Market Value over 5% Total listed issue | J9: Position Risk Factor | K9: LERR (Php) | L9: Higher of LERR (d) and (g) (Php) | M9: 250% of Core Equity (Php) | N9: Breach maximum LER limit if (a) exceeds 250% of Core Equity (yes/no)
H10: =IF(COUNT(S12:S21)>0,"( Pls. recheck column… Encode where applicable.)","") | R10: Don't Delete | S10: With Value
C11: ='Core Equity'!D19*0.1 -> 0 | D11: (a) | E11: (b) | F11: (c) | G11: (d) [b x c] | I11: (e) | J11: (f) | K11: (g) [f=dxe] | M11: =$C$11*25 -> 0
A12: 1 | E12: =IF(D12<$C$11,0,D12-$C$11) -> 0 | F12: =VLOOKUP($R12,PRF,2,FALSE) -> 0.35 | G12: =E12*F12 -> 0 | I12: =IF(D12>H12,D12-H12,0) -> 0 | J12: =F12 -> 0.35 | K12: =I12*J12 -> 0 | L12: =IF(G12>K12,G12,K12) -> 0 | M12: =IF(L12>0,M$11,0) -> 0 | N12: =IF(L12<=0,0,IF(L12>M12,"Yes","No")) -> 0 | R12: 1 | S12: =IF(E12>0,1) -> FALSE
A13: 2 | E13: =IF(D13<$C$11,0,D13-$C$11) -> 0 | F13: =VLOOKUP($R13,PRF,2,FALSE) -> 0.25 | G13: =E13*F13 -> 0 | I13: =IF(D13>H13,D13-H13,0) -> 0 | J13: =F13 -> 0.25 | K13: =I13*J13 -> 0 | L13: =IF(G13>K13,G13,K13) -> 0 | M13: =IF(L13>0,M$11,0) -> 0 | N13: =IF(L13<=0,0,IF(L13>M13,"Yes","No")) -> 0 | R13: 2 | S13: =IF(E13>0,1) -> FALSE
A14: 3 | E14: =IF(D14<$C$11,0,D14-$C$11) -> 0 | F14: =VLOOKUP($R14,PRF,2,FALSE) -> 0.35 | G14: =E14*F14 -> 0 | I14: =IF(D14>H14,D14-H14,0) -> 0 | J14: =F14 -> 0.35 | K14: =I14*J14 -> 0 | L14: =IF(G14>K14,G14,K14) -> 0 | M14: =IF(L14>0,M$11,0) -> 0 | N14: =IF(L14<=0,0,IF(L14>M14,"Yes","No")) -> 0 | R14: 1 | S14: =IF(E14>0,1) -> FALSE
A15: 4 | E15: =IF(D15<$C$11,0,D15-$C$11) -> 0 | F15: =VLOOKUP($R15,PRF,2,FALSE) -> 0.25 | G15: =E15*F15 -> 0 | I15: =IF(D15>H15,D15-H15,0) -> 0 | J15: =F15 -> 0.25 | K15: =I15*J15 -> 0 | L15: =IF(G15>K15,G15,K15) -> 0 | M15: =IF(L15>0,M$11,0) -> 0 | N15: =IF(L15<=0,0,IF(L15>M15,"Yes","No")) -> 0 | R15: 2 | S15: =IF(E15>0,1) -> FALSE
A16: 5 | E16: =IF(D16<$C$11,0,D16-$C$11) -> 0 | F16: =VLOOKUP($R16,PRF,2,FALSE) -> 0.35 | G16: =E16*F16 -> 0 | I16: =IF(D16>H16,D16-H16,0) -> 0 | J16: =F16 -> 0.35 | K16: =I16*J16 -> 0 | L16: =IF(G16>K16,G16,K16) -> 0 | M16: =IF(L16>0,M$11,0) -> 0 | N16: =IF(L16<=0,0,IF(L16>M16,"Yes","No")) -> 0 | R16: 1 | S16: =IF(E16>0,1) -> FALSE
A17: 6 | E17: =IF(D17<$C$11,0,D17-$C$11) -> 0 | F17: =VLOOKUP($R17,PRF,2,FALSE) -> 0.35 | G17: =E17*F17 -> 0 | I17: =IF(D17>H17,D17-H17,0) -> 0 | J17: =F17 -> 0.35 | K17: =I17*J17 -> 0 | L17: =IF(G17>K17,G17,K17) -> 0 | M17: =IF(L17>0,M$11,0) -> 0 | N17: =IF(L17<=0,0,IF(L17>M17,"Yes","No")) -> 0 | R17: 1 | S17: =IF(E17>0,1) -> FALSE
A18: 7 | E18: =IF(D18<$C$11,0,D18-$C$11) -> 0 | F18: =VLOOKUP($R18,PRF,2,FALSE) -> 0.35 | G18: =E18*F18 -> 0 | I18: =IF(D18>H18,D18-H18,0) -> 0 | J18: =F18 -> 0.35 | K18: =I18*J18 -> 0 | L18: =IF(G18>K18,G18,K18) -> 0 | M18: =IF(L18>0,M$11,0) -> 0 | N18: =IF(L18<=0,0,IF(L18>M18,"Yes","No")) -> 0 | R18: 1 | S18: =IF(E18>0,1) -> FALSE
A19: 8 | E19: =IF(D19<$C$11,0,D19-$C$11) -> 0 | F19: =VLOOKUP($R19,PRF,2,FALSE) -> 0.35 | G19: =E19*F19 -> 0 | I19: =IF(D19>H19,D19-H19,0) -> 0 | J19: =F19 -> 0.35 | K19: =I19*J19 -> 0 | L19: =IF(G19>K19,G19,K19) -> 0 | M19: =IF(L19>0,M$11,0) -> 0 | N19: =IF(L19<=0,0,IF(L19>M19,"Yes","No")) -> 0 | R19: 1 | S19: =IF(E19>0,1) -> FALSE
A20: 9 | E20: =IF(D20<$C$11,0,D20-$C$11) -> 0 | F20: =VLOOKUP($R20,PRF,2,FALSE) -> 0.25 | G20: =E20*F20 -> 0 | I20: =IF(D20>H20,D20-H20,0) -> 0 | J20: =F20 -> 0.25 | K20: =I20*J20 -> 0 | L20: =IF(G20>K20,G20,K20) -> 0 | M20: =IF(L20>0,M$11,0) -> 0 | N20: =IF(L20<=0,0,IF(L20>M20,"Yes","No")) -> 0 | R20: 2 | S20: =IF(E20>0,1) -> FALSE
A21: 10 | E21: =IF(D21<$C$11,0,D21-$C$11) -> 0 | F21: =VLOOKUP($R21,PRF,2,FALSE) -> 0.35 | G21: =E21*F21 -> 0 | I21: =IF(D21>H21,D21-H21,0) -> 0 | J21: =F21 -> 0.35 | K21: =I21*J21 -> 0 | L21: =IF(G21>K21,G21,K21) -> 0 | M21: =IF(L21>0,M$11,0) -> 0 | N21: =IF(L21<=0,0,IF(L21>M21,"Yes","No")) -> 0 | R21: 1 | S21: =IF(E21>0,1) -> FALSE
A22: Total LERR | G22: =SUM(G12:G21) -> 0 | K22: =SUM(K12:K21) -> 0 | L22: =SUM(L12:L21) -> 0

Sheet LERR-DEBT
A1: =+'trial balance'!A1 -> NAME OF THE TRADING PARTICIPANT
A2: SCHEDULE LERR-2
A3: MANUAL COMPUTATION OF LARGE EXPOSURE RISK REQUIREMENT (LERR) FOR EXPOSURE TO DEBT FOR FIXED INCOME SECURITIES
A4: =+'trial balance'!A3 -> mm/dd/yyyy
A7: No. | B7: Type of FI Securities [report only if (a) > 10% of Core Equity] | C7: Market Value of the FI Securities (Php) | D7: Excess of Market Value of FI Securities over 10% of C.E. | E7: Position Risk Factor | F7: LERR (Php) | G7: 30% of Core Equity (Php) | H7: Breach maximum LER limit if (a) exceeds 30% of Core Equity (yes/no)
B8: ='Core Equity'!D19*0.1 -> 0 | C8: (a) | D8: (b) | E8: (c) | F8: (d) [b x c] | G8: =$B$8*3 -> 0
A9: 1 | D9: =IF(C9<$B$8,0,C9-$B$8) -> 0 | F9: =D9*E9 -> 0 | G9: =IF(D9>0,G$8,0) -> 0 | H9: =IF(F9<=0,0,IF(F9>G9,"Yes","No")) -> 0
A10: 2 | D10: =IF(C10<$B$8,0,C10-$B$8) -> 0 | F10: =D10*E10 -> 0 | G10: =IF(D10>0,G$8,0) -> 0 | H10: =IF(F10<=0,0,IF(F10>G10,"Yes","No")) -> 0
A11: 3 | D11: =IF(C11<$B$8,0,C11-$B$8) -> 0 | F11: =D11*E11 -> 0 | G11: =IF(D11>0,G$8,0) -> 0 | H11: =IF(F11<=0,0,IF(F11>G11,"Yes","No")) -> 0
A12: 4 | D12: =IF(C12<$B$8,0,C12-$B$8) -> 0 | F12: =D12*E12 -> 0 | G12: =IF(D12>0,G$8,0) -> 0 | H12: =IF(F12<=0,0,IF(F12>G12,"Yes","No")) -> 0
A13: 5 | D13: =IF(C13<$B$8,0,C13-$B$8) -> 0 | F13: =D13*E13 -> 0 | G13: =IF(D13>0,G$8,0) -> 0 | H13: =IF(F13<=0,0,IF(F13>G13,"Yes","No")) -> 0
A14: 6 | D14: =IF(C14<$B$8,0,C14-$B$8) -> 0 | F14: =D14*E14 -> 0 | G14: =IF(D14>0,G$8,0) -> 0 | H14: =IF(F14<=0,0,IF(F14>G14,"Yes","No")) -> 0
A15: 7 | D15: =IF(C15<$B$8,0,C15-$B$8) -> 0 | F15: =D15*E15 -> 0 | G15: =IF(D15>0,G$8,0) -> 0 | H15: =IF(F15<=0,0,IF(F15>G15,"Yes","No")) -> 0
A16: 8 | D16: =IF(C16<$B$8,0,C16-$B$8) -> 0 | F16: =D16*E16 -> 0 | G16: =IF(D16>0,G$8,0) -> 0 | H16: =IF(F16<=0,0,IF(F16>G16,"Yes","No")) -> 0
A17: 9 | D17: =IF(C17<$B$8,0,C17-$B$8) -> 0 | F17: =D17*E17 -> 0 | G17: =IF(D17>0,G$8,0) -> 0 | H17: =IF(F17<=0,0,IF(F17>G17,"Yes","No")) -> 0
A18: 5 | D18: =IF(C18<$B$8,0,C18-$B$8) -> 0 | F18: =D18*E18 -> 0 | G18: =IF(D18>0,G$8,0) -> 0 | H18: =IF(F18<=0,0,IF(F18>G18,"Yes","No")) -> 0
A19: 6 | D19: =IF(C19<$B$8,0,C19-$B$8) -> 0 | F19: =D19*E19 -> 0 | G19: =IF(D19>0,G$8,0) -> 0 | H19: =IF(F19<=0,0,IF(F19>G19,"Yes","No")) -> 0
A20: 7 | D20: =IF(C20<$B$8,0,C20-$B$8) -> 0 | F20: =D20*E20 -> 0 | G20: =IF(D20>0,G$8,0) -> 0 | H20: =IF(F20<=0,0,IF(F20>G20,"Yes","No")) -> 0
... A23: 10 | D23: =IF(C23<$B$8,0,C23-$B$8) -> 0 | F23: =D23*E23 -> 0 | G23: =IF(D23>0,G$8,0) -> 0 | H23: =IF(F23<=0,0,IF(F23>G23,"Yes","No")) -> 0
A24: Total LERR | F24: =SUM(F9:F23) -> 0

Sheet Recon
A1: ='trial balance'!A1 -> NAME OF THE TRADING PARTICIPANT
A2: Reconciliation of Balance Sheet Items:
A3: =+'trial balance'!A3 -> mm/dd/yyyy
B6: ASSETS | I6: LIABILITIES & STOCKHOLDERS' EQUITY
A8: Eligible Current Assets | H8: Current Liabilities | M8: =+'Financial Statements'!J76 -> 0
B10: Cash and Cash Equivalents | F10: ='Financial Statements'!J16 -> 0
B11: Short Term Investments | F11: =+'Financial Statements'!J19-Placement!C46-Placement!C56 -> 0 | H11: Non-Current Liabilities | M11: =+'Financial Statements'!J91+'Financial Statements'!J92+'Financial Statements'!J93+'Financial Statements'!J94+'Financial Statements'!J98+'Financial Statements'!J100 -> 0
B12: Proprietary Security Owned | F12: =+'Financial Statements'!J20 -> 0
B13: Receivable from Customers | F13: =+'Financial Statements'!I27 -> 0
B14: Receivable from Other Brokers | F14: =+'Financial Statements'!I28 -> 0 | H14: Ineligible Equity Items | M14: =-SUM(RBC!C14:C16)+'Financial Statements'!J99-RBC!C12 -> 0
B15: Receivable from Clearing House | F15: =+'Financial Statements'!I29 -> 0
B16: Receivable for Securities Failed to Deliver | F16: =+'Financial Statements'!I30 -> 0 | H16: Unrealized Gain | M16: =-(+RBC!C13) -> 0
B17: Receivable for Securities Borrowed | F17: =+'Financial Statements'!I31 -> 0
B18: Secured Demand Note | F18: =+'Financial Statements'!J38 -> 0
B19: Long Term Investments (IBODI-Govt) | F19: =+Placement!C66+Placement!C76 -> 0
A20: Deduct: | B20: Allowance for Doubtful Accounts | F20: =+'Financial Statements'!I37 -> 0 | H20: Total | M20: =SUM(M8:M19) -> 0
F22: =SUM(F10:F21) -> 0
A24: Total Ineligible Assets | F24: =+RBC!C40-RBC!C32-RBC!C34-RBC!C35-RBC!C36-RBC!C37-RBC!C38+Others!G102+'Financial Statements'!I33+'Financial Statements'!I34+'Financial Statements'!I70+'Financial Statements'!#REF!+'MS-Others'!F175 -> #REF! | H24: Equity Eligible for Net Liquid Capital | M24: =+RBC!C19-RBC!C11 -> 0
H28: Total | M28: =+M20+M24 -> 0
A31: TOTAL ASSETS | F31: =+F22+F24 -> #REF! | H31: TOTAL LIABILITIES & STOCKHOLDERS' EQUITY | M31: =+M20+M24 -> 0
E33: FS | F33: =+'Financial Statements'!J13 -> 0 | L33: FS | M33: =+'Financial Statements'!J126 -> 0
E34: Difference | F34: =+F31-F33 -> #REF! | L34: Difference | M34: =+M31-M33 -> 0

Sheet Reserve Formula
A1: =RBC!A1 -> NAME OF THE TRADING PARTICIPANT
A2: RESERVE FORMULA COMPUTATION Under SRC Rule 49.2
A3: =+'trial balance'!A3 -> mm/dd/yyyy
A5: Particulars | B5: Credit | C5: Debit
A6: 1. Free credit balance and other credit balance in customers' security accounts | B6: ='reserve formula-detailed'!K23 -> 0
A7: 2. Monies borrowed collateralized by the securities carried for the account of customers | B7: ='reserve formula-detailed'!K29 -> 0
A8: 3. Monies payable against customers' securities loaned. | B8: ='reserve formula-detailed'!K37 -> 0
A9: 4. Customers' securities failed to receive | B9: ='reserve formula-detailed'!K52 -> 0
A10: 5. Customer balances in firm accounts which are attributable to principal sales to customer. | B10: ='reserve formula-detailed'!K55 -> 0
A11: 6. Market Value of stock dividends, stock splits and similar distributions receivable | B11: ='reserve formula-detailed'!K58 -> 0
A12: outstanding over 30 calendar days old.
A13: 7. Market Value of the short security count differences over 30 calendar days old | B13: ='reserve formula-detailed'!K61 -> 0
A14: 8. Market Value of short securities and credits (not to be offset by long or by debits) in all | B14: ='reserve formula-detailed'!K68 -> 0
A15: suspense accounts over 30 calendar days.
A16: 9. Market Value of securities which are in transfer in excess of 40 calendar days and have | B16: ='reserve formula-detailed'!K71 -> 0
A17: not been confirmed to be in transfer by the transfer agent or the issuer during the 40 days.
A18: 10. Debit balances in customers' cash or margin accounts excluding unsecured accounts | C18: ='reserve formula-detailed'!K100 -> 0
A19: and accounts doubtful of collection.
A20: 11. Securities borrowed to effectuate short sales by customer and securities borrowed | C20: ='reserve formula-detailed'!K106 -> 0
A21: to make delivery on customers' securities failed to deliver
A22: 12. Failed to deliver customers' securities not older than 30 calendar days. | C22: ='reserve formula-detailed'!K124 -> 0
A23: 13. Others
A24: Total | B24: =SUM(B6:B23) -> 0 | C24: =SUM(C6:C23) -> 0

Sheet reserve formula-detailed
A1: =+'trial balance'!A1 -> NAME OF THE TRADING PARTICIPANT
A2: RESERVE FORMULA WORKSHEET
A3: =+'trial balance'!A3 -> mm/dd/yyyy
A6: 1 | B6: . | C6: Free Credit balances and Other Credit Balances in Customer Securities Accounts
A7: Unadjusted trial balance amount
A8: A | B8: . | C8: Additions:
D9: 1. Bank Account Overdrafts/1
D10: 2. Credit balances in customer omnibus accounts
D11: 3. Any other customer credit balance not accounted for elsewhere (explain nature)
D12: Dividends Payable
D13: Others
J14: Subtotal | K14: =K9+K10+K12+K13 -> 0
A16: B | B16: . | C16: Deductions:
D17: 1. Credit Balances in the accounts of non customers such as
D18: general partners and principal officers
D19: 2. Credit balances in customers' cash accounts arising from the
D20: sale of a security not delivered if the securities are purchased by
D21: the broker-dealer for its own account and have not been resold
J22: Subtotal | K22: =K17+K19 -> 0
A23: Adjusted total line item #1 | K23: =K7+K14-K22 -> 0
A25: 2 | B25: . | C25: Monies Borrowed Collateralized by Securities carried for the Accounts of
C26: Customers
A27: Unadjusted trial balance amount customer loan
A28: Unadjusted trial balance amount commingled loan/2
A29: Adjusted total line item #2 | K29: =SUM(K27:K28) -> 0
A31: 3 | B31: . | C31: Monies Payable Against Securities Loaned
A32: Unadjusted trial balance amount
A33: A | B33: . | C33: Additions:
D34: 1. The amount by which the market value of customers securities
D35: loaned exceed the collateral value received from lending os such
D36: securities
A37: Adjusted total line item #3 | K37: =K32+SUM(K34:K36) -> 0
A39: 4 | B39: . | C39: Customer Securities Failed to Receive (as Determined by Allocation or Specific
A40: Identification)
A41: Unadjusted Balance:
A42: A | B42: . | C42: Additions:
D43: 1. The amount by which the market value by which fails to receive
D44: outstanding for more than 34 calendar days exceed their contract
D45: value/3
D46: 2. Clearing Accounts with net credit balances attributable to
D47: customers transactions. (Clearing Corporations)
D48: 3. Unsecured customer short positions which allocate to customer
D49: long positions/4
D50: 4. Any other credit not accounted for elsewhere in the formula
J51: Subtotal | K51: =K43+K46+K48+K50 -> 0
A52: Adjusted total line item #4 | K52: =K41+K51 -> 0
A54: 5 | B54: . | C54: Credit balances in Firm Accounts which are Attributable to
A55: Principal Sales to Customers/5
A57: 6 | B57: . | C57: Market Value of Stock Dividends and Splits Outstanding Over 30
A58: Calendar days / 5 / 6
A60: 7 | B60: . | C60: Market Value of Short Security Count Differences over 30 calendar
A61: days old (not to be offset by long count differences)
A63: 8 | B63: . | C63: Market Value of Short Securities and Credits (not to be offset by loans
A64: or debits) in all Suspense Accounts over 30 calendar days old
D65: 1. Credit Balances Only
D66: 2. Security Positions Only / 5
D67: 3. Security Positions with Related Balances / 5 / 7
A68: Adjusted total line item #8 | K68: =SUM(K65:K67) -> 0
A70: 9 | B70: . | C70: Market Value of Securities in Transfer in Excess of 40 Calendar Days which have
A71: not been confirmed to be in transfer by the Transfer Agent of the issuer during 40 days
A73: Aggregate Credit Items | K73: =K23+K29+K37+K52+K55+K58+K61+K68+K71 -> 0
A76: 10 | B76: . | C76: Debit Balances in customers' cash and margin accounts excluding
A77: Unsecured Accounts and Accounts Doubtful of Collection
A78: Unadjusted trial balance
A79: A | B79: . | C79: Additions:
D80: 1. Debit balance in customer omnnibus accounts
D81: 2. Any other customer debit balance not accounted for elsewhere (explain nature)
D82: Others
J84: Subtotal | K84: =K80+K82+K83 -> 0
A85: B | B85: . | C85: Deductions:
D86: 1. Unsecured balances and accounts doubtful of collection
D87: 2. Debit balances in the accounts of non-customers such as
D88: general partners and principal officers | K88: 0
D89: 3. Reduction of margin debits for undue concentration of collateral/8
D90: 4. Deficits in customer-related omnibus accounts/9
D91: 5. Debit Balances in accounts of household members and
D92: affiliated members/10
D93: 6. Reduction if unduly concentrated margin account balances/11
D94: 7. Reduction of debit balances of accounts jointly owned by
D95: customers and non-customers/12
D96: 8. Reduction for partly secured cash accounts | K96: 0
J97: Subtotal | K97: =K86+K88+K89+K90+K92+K93+K95+K96 -> 0
H98: Subtotal of Adjusted Total Debits | K98: =K78+K84-K97 -> 0
D99: Reduce Subtotal by 1% | K99: 0.01
A100: Adjusted total line item #10 | K100: =K98*0.99 -> 0
A102: 11 | B102: . | C102: Prepayment from Client for Early Settlement of Account
A104: 12 | B104: . | C104: Securities Borrowed to Effectuate Short Sales by Customers and
C105: Securities Borrowed to make delivery on Customers'
C106: Securities Failed to Deliver
A108: 13 | B108: . | C108: Fails to Deliver oc Customer Securities not older than 30 calendar days (as
C109: determined by Allocation or Specific Identification)
A110: Unadjusted Balance
A111: A | B111: . | C111: Additions
D112: 1. Clearing Accounts with net debit balances attributable to
D113: customer transactions (Clearing Corporations)
D114: 2. Drafts receivable outstanding less than 30 calendar days
D115: related to customer transaction / 13
J116: Subtotal | K116: =K113+K115 -> 0
A117: B | B117: . | C117: Deductions
D118: 1. Securities which are in the firm's physical possession and
...

Sheet FINOP
A1: SEC FORM 49 FINOP
A2: ="FIRM NAME: "&'trial balance'!A1 -> FIRM NAME: NAME OF THE TRADING PARTICIPANT
A3: ="MONTH ENDING: "&'trial balance'!A3:C3 -> MONTH ENDING: mm/dd/yyyy
A5: ITEM NO. | B5: DESCRIPTION | C5: JANUARY | D5: FEBRUARY | E5: MARCH | F5: APRIL | G5: MAY | H5: JUNE | I5: DESCPRIPTION | J5: ITEM NO.
A6: 1 | B6: Total Assets | C6: 0 | I6: Total Assets | J6: 1
A7: 2 | B7: Total Liablities | C7: 0 | I7: Total Liablities | J7: 2
A8: 3 | B8: Net Worth | C8: =(C6)-(C7) -> 0 | I8: Net Worth | J8: 3
A9: 4 | B9: Adjustments to Net Worth | I9: Adjustments to Net Worth | J9: 4
B10: Additions: | I10: Additions:
B11: a. Unrealized Gains in Proprietary Accounts | C11: 0 | I11: a. Unrealized Gains in Proprietary Accounts
B12: b. Other Additions/1 | C12: 0 | I12: b. Other Additions/1
B13: Deductions | I13: Deductions
B14: a. Unrealized Losses in Proprietary Accounts | C14: 0 | I14: a. Unrealized Losses in Proprietary Accounts
B15: b. Non-Allowable Assets | C15: 0 | I15: b. Non-Allowable Assets
A16: 5 | B16: Current Month Income (Loss) | C16: 0 | I16: Current Month Income (Loss)
A17: 6 | B17: Tentative Net Capital | C17: 0 | I17: Tentative Net Capital | J17: 5
A18: 7 | B18: Haircuts | C18: 0 | I18: Haircuts | J18: 6
A19: 8 | B19: Adjusted Net Capital | C19: 0 | I19: Adjusted Net Capital | J19: 7
A20: 9 | B20: Scheduled Capital Withdrawals | C20: 0 | I20: Scheduled Capital Withdrawals | J20: 8
A21: 10 | B21: Net Capital After Withdrawals | C21: 0 | I21: Net Capital After Withdrawals | J21: 9
A22: 11 | B22: Aggregate Indebtedness | C22: 0 | I22: Aggregate Indebtedness | J22: 10
A23: 12 | B23: Fails to Receive Open Excess of 30 Days (Market Value) | I23: Fails to Receive Open Excess of 30 Days (Market Value) | J23: 11
B24: a. Market Value | C24: 0 | I24: a. Market Value
B25: b. Number of Items | C25: 0 | I25: b. Number of Items
A26: 13 | B26: Fails to Deliver Open Excess of 30 Days (Market Value) | C26: 0 | I26: Fails to Deliver Open Excess of 30 Days (Market Value) | J26: 12
B27: a. Market Value | C27: 0 | I27: a. Market Value
B28: b. Number of Items | C28: 0 | I28: b. Number of Items
A29: 14 | B29: Securities Count Differences | I29: Securities Count Differences | J29: 13
B30: a. Long | C30: 0 | I30: a. Long
B31: b. Short | C31: 0 | I31: b. Short
A32: 15 | B32: Proprietary Securities (Market Value) | I32: Proprietary Securities (Market Value)
B33: a. Investment Account | C33: 0 | I33: a. Investment Account | J33: 14
B34: b. Trading Account | C34: 0 | I34: b. Trading Account
B35: c. Other Proprietary Accounts | C35: 0 | I35: c. Other Proprietary Accounts
A36: 16 | B36: Fixed Assets | C36: 0 | I36: Fixed Assets | J36: 15
A37: 17 | B37: Total Transactions | I37: Total Transactions | J37: 16
B38: a. Buy | C38: 0 | I38: a. Buy
B39: b. Sell | C39: 0 | I39: b. Sell
A40: 18 | B40: Minimum Capital Requirement | C40: 0 | I40: Minimum Capital Requirement | J40: 17
A41: 19 | B41: Ratio of Aggregate Indebtedness to Adjusted Net Capital | C41: 0 | I41: Ratio of Aggregate Indebtedness to Adjusted Net Capital | J41: 18
A42: 20 | B42: Total Debits- Customer Related | I42: Total Debits- Customer Related | J42: 19
B43: a. Fully Secured | C43: 0 | I43: a. Fully Secured
B44: b. Partially Secured | C44: 0 | I44: b. Partially Secured
B45: c. Unsecured | C45: 0 | I45: c. Unsecured
A46: 21 | B46: Total Credits - Customer Related | C46: 0 | I46: Total Credits - Customer Related | J46: 20
A47: 22 | B47: Suspense Accounts | C47: 0 | I47: Suspense Accounts
A48: 23 | B48: Intercompany Accounts | I48: Inter-Company Accounts | J48: 22
B49: a. Due from Affiliates | C49: 0 | I49: a. Due from Affiliates
B50: b. Due to Affiliates | C50: 0 | I50: b. Due to Affiliates
A51: 24 | B51: Non-Approved Subordinated Capital | C51: 0 | I51: Non-Approved Subordinated Capital
A52: 25 | B52: Checks Outstanding Over 30 Days | I52: Checks Outstanding Over 30 Days | J52: 24
B53: a. Number | C53: 0 | I53: a. Number
B54: b. Aggregate Amount | C54: 0 | I54: b. Aggregate Amount
A55: 26 | B55: Approved Subordinated Capital | C55: 0 | I55: Approved Subordinated Capital | J55: 25
B56: a. Subordinated Capital maturing within 6 mons. | C56: 0 | I56: a. Subordinated Capital maturing within 6 mons.

Sheet Sheet1
A2: Broker | B2: =#REF! -> #REF! | E2: month | F2: name
A3: Month | B3: =VLOOKUP(MONTH(#REF!),Sheet1!$E$3:$F$14,2,FALSE) -> #REF! | E3: 1 | F3: January
A4: Year | B4: =YEAR(#REF!) -> #REF! | E4: 2 | F4: February
A5: Date Submitted | B5: =#REF! -> #REF! | E5: 3 | F5: March
A6: Version | B6: =#REF! -> #REF! | E6: 4 | F6: April
A7: Assets | B7: =#REF! -> #REF! | E7: 5 | F7: May
A8: Liabilities | B8: =#REF! -> #REF! | E8: 6 | F8: June
A9: Equity as per books | B9: =#REF! -> #REF! | E9: 7 | F9: July
E10: 8 | F10: August
E11: 9 | F11: September
E12: 10 | F12: October
E13: 11 | F13: November
E14: 12 | F14: December
A18: Broker | B18: Month | C18: Year | D18: Date Submitted | E18: Version | F18: Assets | G18: Liabilities | H18: Equity as per books
A19: =B2 -> #REF! | B19: =B3 -> #REF! | C19: =B4 -> #REF! | D19: =B5 -> #REF! | E19: =B6 -> #REF! | F19: =B7 -> #REF! | G19: =B8 -> #REF! | H19: =B9 -> #REF!
